Cogmind - Beta 15 @@@ ROGUE MODE // 2025.07.31 @ 21:18:01 Player: Cracklepappy Result: Crushed by singularity! Performance ------------- Evolutions (9) 4500 Regions Visited (46) 9200 Robots Destroyed (626) 3130 Value Destroyed (39158) 39158 Prototype IDs (387) 7740 Alien Tech Used (6) 1200 Bonus (71412) 71412 TOTAL SCORE: 136340 Bonus ------- High Alert Combat Kills 6146 Follower Combat Kills 16331 Entered Garrisons 2800 Used RIF Installer 7500 Network Hubs Disabled 400 Aligned with FarCom 300 Built Enhanced Grunts 300 A7 Reached Mainframe 300 Met R17 at Cetus 500 Met R17 at Research 2000 Met MAIN.C 5000 Destroyed MAIN.C Shell 5000 Destroyed MAIN.C 10000 Met Architect 300 Destroyed Architect 15000 Friendly Fire -465 Cogmind --------- Core Integrity 0/1600 Matter 290/300 Energy 98/100 System Corruption 0% Temperature Cool (0) Movement Core (50) Location -1/Access_0 Parts ------- > --- POWER (2) -------- (None) > --- PROPULSION (4) --- (None) > --- UTILITY (14) ----- (None) > --- WEAPON (5) ------- (None) > --- INVENTORY (5) ---- Improved Potential Cannon Cooled Directed Potential Cannon Peak State ------------ > --- POWER ------------ Vortex Chain Reactor > --- PROPULSION ------- High-density Centrium Wheel High-density Centrium Wheel High-density Centrium Wheel High-density Centrium Wheel > --- UTILITY ---------- Experimental Cooling System Concept Thermoelectric Network Cargo Storage Unit Concept Hypertargeting System Core Analyzer Energy Filter Experimental Kinecellerator Concept RG22 Armor Concept RG22 Armor Graphene Brace Experimental EM Disruption Field AEGIS Remote Shield Experimental System Purifier > --- WEAPON ----------- Cooled Directed Potential Cannon Concept Heavy Railcannon > --- INVENTORY -------- Zero-point Reactor Concept Zero-point Core Advanced Cooling System Concept Thermoelectric Network High-capacity Storage Unit Experimental Energy Well Experimental Energy Well Concept Chromion Battery Concept NT7 Matterbank Experimental Core Analyzer Advanced Particle Accelerator Quantum Capacitor Centrium Heavy Armor Plating Concept RG22 Armor Experimental Force Field Supercharged TR Improved Potential Cannon Cooled Directed Potential Cannon Multirail Graviton Cannon Graviton Cannon Concept Helical Railcannon Concept Heavy Railcannon Concept Deflector Sword [Rating: 266] Favorites ----------- Power Graviton Reactor Engine Cooled Ion Engine Power Core Concept Zero-point Core Reactor Graviton Reactor Propulsion Armored Wheel Wheel Armored Wheel Utility Concept RG22 Armor Device Graphene Brace Storage Cargo Storage Unit Processor Improved System Guard Hackware Relay Coupler [NC] Protection Concept RG22 Armor Weapon Linear Accelerator Energy Gun EM Shotgun Energy Cannon Enhanced Nova Cannon Ballistic Gun Heavy Assault Rifle Ballistic Cannon Linear Accelerator Launcher Smartbomb Launcher Special Weapon ME-RLN's Wand Impact Weapon Heavy Hammer Slashing Weapon Phasing Sabre Special Melee Weapon Advanced Datajack Build | -11 -10 -10 -9 -9 -9 -8 -8 -8 -8 -8 -8 -8 -7 -7 -7 -7 -7 -7 -7 -7 -6 -6 -6 -6 -5 -5 -4 -4 -4 -4 -4 -4 -4 -3 -3 -3 -3 -2 -2 -2 -2 -1 -1 -1 -1 -1 ------- Run | Yrd Mat Min Mat Min Exi Min Mat Gar Mat Gar Mat Gar Fac Was Fac Gar Fac Gar Fac Gar Fac Was Fac Gar Fac Gar Fac Gar Ext Cet Arc Hub Gar Res Gar Res Gar Res Qua Frg Gar Acc Gar Acc Com Ac0 Slots Evolved 18 | . . . 2 . . . 2 . . . . . 2 . . . . . . . 2 . . . 2 . 2 . . . . . . 2 . . . 2 . . . 2 . . . . Power 1 | . . . . . . . . . . . . . . . . . . . . . . . . . . . . . . . . . . . . . . . . . . 1 . . . . Propulsion 2 | . . . . . . . . . . . . . 1 . . . . . . . . . . . . . 1 . . . . . . . . . . . . . . . . . . . Utility 12 | . . . . . . . 1 . . . . . 1 . . . . . . . 2 . . . 2 . 1 . . . . . . 2 . . . 2 . . . 1 . . . . Weapon 3 | . . . 2 . . . 1 . . . . . . . . . . . . . . . . . . . . . . . . . . . . . . . . . . . . . . . Parts Attached 506 | 8 16 8 27 4 14 5 9 11 6 14 3 6 4 1 8 25 . 18 1 21 19 . 3 30 2 21 8 19 9 6 2 16 10 6 12 . 11 28 3 43 17 2 5 2 22 1 Power 33 | 1 2 3 4 . 2 . . . . 1 . 1 . . . 2 . 1 . 2 1 . . 3 . 1 . . . 1 . 1 1 1 1 . . . . 3 . . . . 1 . Engine 12 | 1 2 2 3 . 2 . . . . . . . . . . . . . . 1 . . . 1 . . . . . . . . . . . . . . . . . . . . . . Core 10 | . . 1 1 . . . . . . . . 1 . . . 1 . 1 . 1 1 . . 1 . . . . . . . . . . . . . . . 2 . . . . . . Reactor 11 | . . . . . . . . . . 1 . . . . . 1 . . . . . . . 1 . 1 . . . 1 . 1 1 1 1 . . . . 1 . . . . 1 . Propulsion 89 | 3 3 2 4 . 2 3 4 2 . 1 . 3 1 . . 8 . 5 . 3 5 . . 5 . 1 5 7 . . . 3 4 . 1 . 5 5 . 3 1 . . . . . Treads . | . . . . . . . . . . . . . . . . . . . . . . . . . . . . . . . . . . . . . . . . . . . . . . . Leg . | . . . . . . . . . . . . . . . . . . . . . . . . . . . . . . . . . . . . . . . . . . . . . . . Wheel 89 | 3 3 2 4 . 2 3 4 2 . 1 . 3 1 . . 8 . 5 . 3 5 . . 5 . 1 5 7 . . . 3 4 . 1 . 5 5 . 3 1 . . . . . Hover . | . . . . . . . . . . . . . . . . . . . . . . . . . . . . . . . . . . . . . . . . . . . . . . . Flight . | . . . . . . . . . . . . . . . . . . . . . . . . . . . . . . . . . . . . . . . . . . . . . . . Utility 202 | 2 5 1 5 3 2 1 2 2 1 6 . 1 . 1 5 9 . 5 1 6 5 . 1 8 2 10 2 7 5 2 2 9 3 4 5 . 5 14 1 20 13 2 3 2 18 1 Device 70 | 1 1 1 1 3 1 . 1 1 . 5 . . . . 1 3 . 2 . 1 . . 1 1 1 3 1 3 1 . . 3 1 2 1 . . 7 . 12 2 . . 1 7 1 Storage 23 | 1 3 . 1 . . . . 1 . . . 1 . . 1 1 . 1 . 3 1 . . . . . . 1 1 1 . . 1 . . . . . . 1 . . . . 4 . Processor 14 | . 1 . 1 . 1 1 . . . . . . . . 1 . . . . 1 . . . 1 . . . . . . . . . 1 . . . 1 . 1 . . . . 4 . Hackware 87 | . . . . . . . 1 . 1 1 . . . 1 2 5 . 2 1 1 4 . . 6 1 7 1 3 3 1 1 6 1 1 4 . 5 6 1 2 11 2 3 1 2 . Protection 8 | . . . 2 . . . . . . . . . . . . . . . . . . . . . . . . . . . 1 . . . . . . . . 4 . . . . 1 . Artifact . | . . . . . . . . . . . . . . . . . . . . . . . . . . . . . . . . . . . . . . . . . . . . . . . Weapon 182 | 2 6 2 14 1 8 1 3 7 5 6 3 1 3 . 3 6 . 7 . 10 8 . 2 14 . 9 1 5 4 3 . 3 2 1 5 . 1 9 2 17 3 . 2 . 3 . Energy Gun 11 | . 2 2 . . . . . . . . . . . . 1 1 . . . 3 . . . . . 1 . . . 1 . . . . . . . . . . . . . . . . Energy Cannon 22 | . 1 . 3 . . . . . . . . . 1 . 1 . . . . . 1 . . 5 . 3 . . . . . . . . 1 . . . . 4 . . 1 . 1 . Ballistic Gun 75 | 2 . . 9 1 6 1 3 7 4 6 3 1 1 . 1 . . 5 . 6 1 . . 1 . 2 . 1 . 1 . 1 1 . 2 . . 1 . 6 . . 1 . 1 . Ballistic Cannon 41 | . 1 . . . . . . . . . . . . . . 4 . 1 . . 4 . 1 7 . 2 . 2 2 1 . 2 . 1 . . . 4 1 5 2 . . . 1 . Launcher 6 | . 2 . 1 . . . . . . . . . . . . . . 1 . . . . 1 . . . . . . . . . . . . . 1 . . . . . . . . . Special Weapon 18 | . . . . . 1 . . . 1 . . . 1 . . 1 . . . . 1 . . 1 . 1 1 2 1 . . . 1 . 2 . . 3 . . 1 . . . . . Impact Weapon 3 | . . . 1 . . . . . . . . . . . . . . . . 1 . . . . . . . . . . . . . . . . . . . 1 . . . . . . Slashing Weapon 5 | . . . . . 1 . . . . . . . . . . . . . . . 1 . . . . . . . 1 . . . . . . . . . 1 1 . . . . . . Piercing Weapon . | . . . . . . . . . . . . . . . . . . . . . . . . . . . . . . . . . . . . . . . . . . . . . . . Special Melee Weapon 1 | . . . . . . . . . . . . . . . . . . . . . . . . . . . . . . . . . . . . . . 1 . . . . . . . . Unidentified Prototypes 20 | . . . 2 . 1 . . . . . 1 . . . . . . . . . . . . . . . . . 1 3 1 . 1 . . . . 1 1 5 1 . 1 . 1 . Corrupted Parts 6 | . . . . . . . . . . . . . . . . . . . . . . . . . . . . . . . . 1 . . . . . . . . . . . . 5 . System Corruption 24 | . . . . . . . . . . . . . . . . . . . . . . . . . . . . . . . . 3 . . . . . . . . . . . . 21 . Parts Lost 74 | . 1 . 1 . 7 1 1 1 . . . . . . 1 5 . 6 . 8 1 . 1 12 . 4 1 . . 1 . 2 2 . . . . 1 . 11 6 . . . . . Power 6 | . . . . . 1 . . . . . . . . . . 1 . 1 . 1 . . . 1 . . . . . . . . . . . . . . . 1 . . . . . . Propulsion 22 | . 1 . 1 . 2 1 . 1 . . . . . . . 2 . 2 . 3 1 . . 3 . 1 . . . 1 . 1 1 . . . . . . . 1 . . . . . Utility 26 | . . . . . . . 1 . . . . . . . 1 2 . 1 . . . . . 4 . 2 1 . . . . 1 1 . . . . 1 . 7 4 . . . . . Weapon 20 | . . . . . 4 . . . . . . . . . . . . 2 . 4 . . 1 4 . 1 . . . . . . . . . . . . . 3 1 . . . . . Highest Loss Streak 7 | . 1 . 1 . 7 1 1 1 . . . . . . 1 2 . 4 . 7 1 . 1 4 . 3 1 . . 1 . 1 2 . . . . 1 . 3 2 . . . . . To Critical Strikes 8 | . . . . . 7 . . . . . . . . . . . . . . . . . 1 . . . . . . . . . . . . . . . . . . . . . . . Average Backups 24 | 3 16 20 19 19 18 19 19 19 20 19 20 19 19 20 19 19 19 18 18 18 23 24 23 22 21 23 23 25 29 29 29 29 29 28 29 30 29 29 28 27 23 24 24 24 22 17 Power 1 | . 1 1 1 1 . 1 1 1 1 . . . 1 1 1 . . . . . 1 1 1 . . . 1 1 1 1 1 . . 2 1 1 1 1 2 1 1 . . . 1 1 Propulsion 1 | 1 4 2 1 2 1 . 1 1 2 1 1 1 . . . 1 1 . 1 1 2 3 3 2 1 . . 1 1 1 . . 1 1 . . . 1 1 1 . . . . . 2 Utility 15 | . 3 5 6 5 6 10 9 10 10 12 13 12 11 11 9 9 11 12 12 12 11 10 9 13 14 15 17 17 21 22 23 24 23 21 23 27 26 23 18 15 14 17 16 18 12 9 Weapon 4 | . 7 11 10 11 9 5 5 4 4 3 4 4 4 5 6 5 5 3 4 2 8 9 8 5 5 5 3 4 5 4 4 3 2 2 2 1 . 1 3 4 4 4 4 4 6 4 Tool/Special . | . . . . . . . . . . . . . . . . . . . . . . . . . . . . . . . . . . . . . . . . . . . . . . . Unused Backups 169 | 1 7 2 10 . 8 1 3 3 2 4 1 4 . . . 6 . 3 . 9 1 . 2 10 1 11 . 8 1 . 2 . 5 3 6 . 9 3 2 11 1 . 6 . 8 15 Power 15 | . . . 2 . 3 . 1 . . . . 1 . . . 1 . . . 3 . . . . . . . . . . . . . . . . . 1 . 1 . . 1 . . 1 Propulsion 11 | . 2 . . . 1 . 1 . 1 . . . . . . . . . . . . . . . . . . 2 . . . . . . . . . . . . . . 1 . . 3 Utility 91 | 1 1 2 2 . 4 1 1 2 . 3 . 3 . . . 1 . 3 . 5 . . . 4 . 10 . 2 . . 2 . 5 3 6 . 8 1 1 7 1 . . . 6 6 Weapon 46 | . 4 . 6 . . . . 1 1 1 1 . . . . 4 . . . 1 1 . 2 6 1 1 . 4 1 . . . . . . . 1 . 1 2 . . 1 . 1 5 Tool/Special 6 | . . . . . . . . . . . . . . . . . . . . . . . . . . . . . . . . . . . . . . 1 . 1 . . 3 . 1 . Average Slot Usage (%) 92 | . 100 99 99 100 99 100 99 100 100 99 100 100 97 100 99 82 84 89 100 91 97 93 93 85 92 94 90 91 89 90 93 93 92 94 95 95 95 94 91 90 92 91 91 92 80 50 Engine 1 | . 14 3 8 11 10 11 9 9 9 5 . . . . . . . . . 4 3 . . . . . . . . . . . . . . . . . . . . . . . . . Core 1 | . . 10 2 . . . . . . . . . . . . 2 . 2 7 1 2 6 6 4 . . . . . . . . . . . . . . . 1 1 4 4 4 1 . Reactor 3 | . . . . . . . . . . 3 9 9 7 7 6 4 7 4 . . . . . . 5 5 5 5 5 5 5 5 5 4 4 4 4 4 4 2 2 4 4 4 4 2 Wheel 18 | . 28 28 21 22 21 22 18 18 18 18 18 18 23 23 23 21 23 21 23 16 18 13 13 14 17 17 18 21 21 17 20 20 20 19 19 19 19 17 17 17 16 16 16 16 16 10 Device 10 | . 9 14 1 6 5 . 8 8 1 7 9 9 12 11 6 7 7 6 . 5 1 . . 4 15 9 10 12 4 5 5 4 4 9 5 9 4 6 4 12 18 16 16 16 27 16 Storage 6 | . 14 14 11 11 11 11 9 9 9 9 9 9 7 7 7 7 7 7 7 7 6 6 6 6 5 5 5 5 5 5 5 5 5 4 4 4 4 4 4 4 4 4 4 4 4 2 Processor 5 | . 4 . 8 4 5 10 9 9 9 9 9 9 7 7 7 7 7 7 7 7 6 6 6 7 11 11 10 10 10 10 10 6 5 6 4 4 4 4 4 5 2 . . . 4 5 Hackware 14 | . . . . . . . . . 7 1 . . . 3 7 5 7 6 15 8 23 26 25 18 11 18 20 15 21 21 21 24 22 22 26 28 32 35 39 18 12 23 23 23 4 . Protection 2 | . . . . . . . . . . . . . . . . . . . . . . . . . . . . . . . . . 2 1 3 . . . . 9 12 8 8 8 9 8 Energy Gun 1 | . 8 27 2 . . . . . . . . . . . 5 3 7 2 . 9 . . . . . . . . . . . . . . . . . . . . . . . . . . Energy Cannon 1 | . 4 . 2 . . . . . . . . . . . 2 1 . 2 . . 2 6 6 4 5 4 5 5 3 4 3 . . . 1 4 4 4 . . . . . . 1 2 Ballistic Gun 11 | . 11 . 39 44 43 44 44 42 44 42 45 41 36 30 26 1 . 11 23 21 17 . . 1 5 4 . . . . . . 6 9 11 9 8 4 . 2 2 4 3 4 1 . Ballistic Cannon 5 | . 3 . . . . . . . . . . . . . . 13 15 9 7 1 4 20 19 15 5 6 9 6 9 14 15 15 13 9 5 . . 3 8 7 8 5 5 4 4 2 Special Weapon 2 | . . . . . . . . 2 . . . 2 1 6 2 3 . 2 7 1 3 6 5 3 5 4 5 5 4 5 5 4 3 3 2 4 3 3 3 1 2 2 2 4 . . Slashing Weapon 1 | . . . . . . . . . . . . . . . . . . . . . 2 . . 1 . . . 2 2 . 1 5 1 . 1 4 4 4 4 3 4 4 3 4 1 . Peak Build Rating 266 | 7 11 18 25 27 41 44 54 55 57 55 54 54 61 61 64 79 72 80 60 65 73 71 76 101 108 120 121 123 124 120 123 122 123 135 138 124 133 179 195 258 253 259 259 257 266 264 Average Rating 131 | 5 8 15 23 25 28 43 46 46 51 46 52 52 59 59 58 68 72 67 58 58 66 71 71 74 106 113 119 117 118 117 116 114 116 128 130 124 127 169 189 225 240 257 256 250 248 157 On Entrance 100 | . 7 11 16 25 26 41 44 40 50 45 52 54 54 61 58 59 72 72 58 60 59 71 71 73 101 108 118 114 118 118 117 114 112 120 129 124 124 131 174 193 252 241 257 257 249 259 Naked Turns 9 | . . . . . . . . . . . . . . . . . . . . . . . . . . . . . . . . . . . . . . . . . . . . . . 9 Heaviest Build 312 | 13 52 56 65 63 67 67 70 79 80 73 73 73 81 81 84 100 100 128 69 73 119 119 124 144 143 159 159 209 215 215 212 211 217 218 212 190 199 200 206 253 233 244 238 235 312 270 Greatest Support 80 | 26 20 20 26 24 28 28 28 28 24 24 24 24 36 36 36 36 36 36 36 36 40 40 40 40 34 34 64 64 48 48 48 48 48 48 48 46 48 80 80 80 80 80 80 80 80 80 Greatest Overweight (x) 10 | . 4 2 3 2 5 2 3 3 3 3 6 3 2 2 2 4 2 8 2 5 4 2 3 10 4 4 4 4 4 5 5 6 6 4 4 4 5 4 2 3 3 3 2 2 5 3 Average Overweight (x) 2 | . 1 2 2 2 2 2 2 2 2 2 2 2 2 1 1 2 2 1 1 2 2 2 2 3 4 4 3 2 4 4 4 4 4 4 4 4 3 2 2 2 2 2 2 2 2 . Largest Inventory Capacity 30 | 8 20 20 20 20 20 20 20 20 20 20 20 20 20 20 20 20 20 20 20 20 25 25 25 25 25 25 25 30 30 30 30 30 30 30 30 30 30 30 30 30 30 30 30 30 30 30 Average Capacity 26 | 7 17 20 20 20 20 20 20 20 20 20 20 20 20 20 20 20 20 20 20 20 24 25 25 25 25 25 25 26 30 30 30 30 30 30 30 30 30 30 30 30 30 30 30 30 30 19 Most Carried 30 | 8 20 20 20 20 20 20 20 20 20 20 20 20 20 20 20 20 20 20 20 20 25 25 25 25 25 25 25 30 30 30 30 30 30 30 30 30 30 30 30 30 30 30 30 30 30 30 Average Carried 25 | 4 16 19 19 19 18 19 19 19 20 19 19 19 19 20 19 19 20 19 19 19 24 25 24 24 24 24 24 26 29 29 29 29 29 28 29 30 29 29 29 29 29 29 29 29 28 19 Final Capacity 30 | 8 20 20 20 20 20 20 20 20 20 20 20 20 20 20 20 20 20 20 20 20 25 25 25 25 25 25 25 30 30 30 30 30 30 30 30 30 30 30 30 30 30 30 30 30 30 5 Final Carried 30 | 8 20 20 20 20 20 19 20 20 20 20 20 20 20 20 20 20 20 20 20 20 25 25 25 25 25 25 25 30 30 30 30 30 30 30 30 30 30 30 30 30 30 30 30 30 30 5 Class Distribution -------------------- 31% | Botlord-Gunner 25% | Botlord-Tank 13% | Scavenger-Gunner 10% | Commander-Gunner 7% | Gunner 3% | Bothacker-Gunner Dominant Class ---------------- Mutant | -10/Materials Scavenger-Mutant | -10/Mines Gunner | -9/Materials Gunner | -9/Mines Gunner | -9/Exiles Scavenger-Gunner | -8/Mines Scavenger-Gunner | -8/Materials Scavenger-Gunner | -8/Garrison Scavenger-Gunner | -8/Materials Scavenger-Gunner | -8/Garrison Scavenger-Gunner | -8/Materials Scavenger-Gunner | -8/Garrison Scavenger-Gunner | -7/Factory Scavenger-Gunner | -7/Waste Scavenger-Gunner | -7/Factory Scavenger-Gunner | -7/Garrison Bothacker-Gunner | -7/Factory Bothacker-Gunner | -7/Garrison Botlord-Gunner | -7/Factory Botlord-Gunner | -7/Garrison Botlord-Gunner | -6/Factory Botlord-Gunner | -6/Waste Botlord-Gunner | -6/Factory Botlord-Gunner | -6/Garrison Botlord-Gunner | -5/Factory Botlord-Gunner | -5/Garrison Botlord-Gunner | -4/Factory Botlord-Gunner | -4/Garrison Commander-Gunner | -4/Extension Commander-Gunner | -4/Cetus Commander-Gunner | -4/Archives Botlord-Tank | -4/Hub_04(d) Botlord-Tank | -4/Garrison Botlord-Tank | -3/Research Botlord-Tank | -3/Garrison Botlord-Tank | -3/Research Botlord-Tank | -3/Garrison Botlord-Tank | -2/Research Botlord-Tank | -2/Quarantine Botlord-Gunner | -2/Protoforge Botlord-Gunner | -2/Garrison Botlord-Gunner | -1/Access Botlord-Gunner | -1/Garrison Botlord-Gunner | -1/Access Commander-Gunner | -1/Command Commander-Gunner | -1/Access_0 Resources | -11 -10 -10 -9 -9 -9 -8 -8 -8 -8 -8 -8 -8 -7 -7 -7 -7 -7 -7 -7 -7 -6 -6 -6 -6 -5 -5 -4 -4 -4 -4 -4 -4 -4 -3 -3 -3 -3 -2 -2 -2 -2 -1 -1 -1 -1 -1 ----------- Run | Yrd Mat Min Mat Min Exi Min Mat Gar Mat Gar Mat Gar Fac Was Fac Gar Fac Gar Fac Gar Fac Was Fac Gar Fac Gar Fac Gar Ext Cet Arc Hub Gar Res Gar Res Gar Res Qua Frg Gar Acc Gar Acc Com Ac0 Matter Collected 43988 | 384 519 442 1341 232 1295 291 746 1360 722 1370 124 834 65 . 893 2326 . 1388 110 1391 537 . 709 1937 83 1158 179 810 1646 496 175 800 1720 231 2247 . 578 1274 332 4938 3412 218 852 376 3345 102 Remotely 2052 | . . . . . . . . . . . . . . . . . . . . . . . . . . . . . . . . . 10 . . . . 52 . 877 1113 . . . . . Salvage Created 31016 | 210 664 438 2178 278 591 315 839 1317 1092 1436 228 1289 . . 864 1381 . 1326 . 1408 416 . 187 1101 74 550 442 1353 357 18 257 389 784 . 931 . 749 871 252 2187 1924 21 447 97 1578 177 Parts 1507 | 20 34 19 133 29 71 17 51 53 76 93 14 47 . . 43 50 . 62 . 68 20 . 11 56 1 18 19 45 11 . 16 19 27 . 38 . 17 49 7 125 71 4 29 3 41 . Haulers Intercepted 10 | . 2 . 5 . . . 1 . 1 . 1 . . . . . . . . . . . . . . . . . . . . . . . . . . . . . . . . . . . Recyclers Shooed 19 | . 2 1 5 . . . . . 2 . . . . . 1 . . . . . 3 . . . . . 1 . . . . . . . . . . 2 . . . . . . 2 . Parts Field Recycled . | . . . . . . . . . . . . . . . . . . . . . . . . . . . . . . . . . . . . . . . . . . . . . . . Retrieved Matter . | . . . . . . . . . . . . . . . . . . . . . . . . . . . . . . . . . . . . . . . . . . . . . . . Parts Self-Destructed . | . . . . . . . . . . . . . . . . . . . . . . . . . . . . . . . . . . . . . . . . . . . . . . . Prevented . | . . . . . . . . . . . . . . . . . . . . . . . . . . . . . . . . . . . . . . . . . . . . . . . Kills | -11 -10 -10 -9 -9 -9 -8 -8 -8 -8 -8 -8 -8 -7 -7 -7 -7 -7 -7 -7 -7 -6 -6 -6 -6 -5 -5 -4 -4 -4 -4 -4 -4 -4 -3 -3 -3 -3 -2 -2 -2 -2 -1 -1 -1 -1 -1 ------- Run | Yrd Mat Min Mat Min Exi Min Mat Gar Mat Gar Mat Gar Fac Was Fac Gar Fac Gar Fac Gar Fac Was Fac Gar Fac Gar Fac Gar Ext Cet Arc Hub Gar Res Gar Res Gar Res Qua Frg Gar Acc Gar Acc Com Ac0 Combat Hostiles Destroyed 487 | . 13 8 32 9 6 4 10 19 10 35 3 20 . . 12 26 . 35 . 30 3 . 8 27 1 10 2 6 9 . 1 6 10 . 12 . 5 12 4 44 31 . 6 1 16 1 Melee 6 | . . . . . . . . . . . . . . . . . . . . . 1 . . 2 . . . . . . . 1 . . . . . . 1 1 . . . . . . Guns 239 | . 4 7 26 9 1 4 10 19 10 35 3 20 . . 11 5 . 5 . 27 1 . . 4 1 3 . . . . . . 2 . 6 . 4 7 . 10 1 . 2 . 2 . Cannons 193 | . 5 . 2 . . . . . . . . . . . 1 20 . 12 . 1 1 . 4 14 . 7 2 6 9 . 1 5 8 . 6 . 1 4 3 32 30 . 4 1 13 1 AOE 44 | . 4 1 4 . 5 . . . . . . . . . . . . 18 . 1 . . 4 7 . . . . . . . . . . . . . . . . . . . . . . Classes Destroyed 30 | 3 6 . 2 . 3 1 . . 2 1 . . . . . 2 . . . . . . . 3 . 1 . . . . . . . . . . . 1 . 4 . . . . 1 . Worker 23 | 2 . 1 1 . . 1 3 . . . 1 . . . 3 . . . . . 2 . 1 . . . . . 1 . . 3 . . . . . 1 . 1 . 1 . . 1 . Builder 15 | . 1 . 1 . . 1 1 . 3 . . . . . 2 . . . . . . . 1 . . . 1 . . . . . . . . . . 1 . 2 . 1 . . . . Tunneler 15 | 6 . 1 2 1 . 1 1 . 2 . . . . . . . . . . . . . . . . . 1 . . . . . . . . . . . . . . . . . . . Hauler 10 | . 2 . 5 . . . 1 . 1 . 1 . . . . . . . . . . . . . . . . . . . . . . . . . . . . . . . . . . . Recycler 23 | 1 1 1 8 . . . 2 . 4 . . . . . 2 . . . . . 2 . . . . . 2 . . . . . . . . . . . . . . . . . . . Mechanic 2 | . . . . . . . . . 2 . . . . . . . . . . . . . . . . . . . . . . . . . . . . . . . . . . . . . Operator 11 | . 1 . 1 . . . 1 . 1 . . . . . . . . . . . . . . . . . . . . . 6 . . . . . . 1 . . . . . . . . Turret 1 | . . . . . 1 . . . . . . . . . . . . . . . . . . . . . . . . . . . . . . . . . . . . . . . . . Watcher 18 | . 2 . 3 . . . 3 1 1 2 . . . . 1 1 . . . . 1 . . . . . . . . 1 . . 1 . 1 . . . . . . . . . . . Swarmer 103 | . 3 3 11 3 . . 4 . 2 12 . 4 . . . 10 . 15 . 9 1 . 4 17 . 2 . . 1 . . . 2 . . . . . . . . . . . . . Saboteur 1 | . . . . . . . . . . . . . . . . . . . . . . . . 1 . . . . . . . . . . . . . . . . . . . . . . Grunt 156 | . 10 5 10 6 . 2 4 13 3 14 2 10 . . 6 6 . 12 . 11 1 . 4 5 . 2 1 2 5 . . . . . 3 . 1 . 2 4 11 . . . 1 . Brawler 11 | . . . 2 . . . . . . 1 . . . . . 2 . 3 . 1 . . . . . . . . . . . . . . 1 . . . . . 1 . . . . . Duelist 7 | . . . . . . . . . . . . . . . . 2 . 1 . 1 . . . . . . . 1 . . . . . . 1 . . . . . 1 . . . . . Protector 1 | . . . . . . . . . . . . . . . . . . . . . . . . 1 . . . . . . . . . . . . . . . . . . . . . . Sentry 58 | . . . 9 . . . 2 5 3 2 1 2 . . 3 2 . 2 . 5 . . . 2 1 1 . 1 2 . 1 2 . . . . . 1 . 9 2 . . . . . Demolisher 2 | . . . . . . . . . . . . . . . . 1 . . . . . . . 1 . . . . . . . . . . . . . . . . . . . . . . Specialist 10 | . . . . . . . . . 2 3 . 2 . . . . . . . . . . . . . . . . . . . 1 . . . . . . . . 1 . 1 . . . Hunter 22 | . . . . . . 1 . 1 . . . . . . 1 . . . . . . . . . . 2 . . 1 . . . 1 . 5 . . . . . 3 . . 1 6 . Programmer 101 | . . . . . . . . . . 3 . 2 . . 2 3 . 2 . 4 1 . . 2 . 3 1 3 . . . 3 7 . 3 . 4 9 2 23 12 . 5 . 7 . Heavy 1 | . . . . . . . . . . . . . . . . . . . . . . . . . . . . . . . . . . . . . . 1 . . . . . . . . Behemoth 6 | . . . . . . . . . . . . . . . . . . . . . . . . 2 . . . 1 1 . . . . . . . . 1 . . . . . . 1 . Hotshot 3 | . . . . . . . . . . . . . . . . . . . . . . . . . . . . . . . . . . . . . . . . 3 . . . . . . Decapitator 2 | . . . . . . . . . . . . . . . . . . . . . . . . . . . . . . . . . . . . . . . . 2 . . . . . . Combat Programmer 1 | . . . . . . . . . . . . . . . . . . . . . . . . . . . . . . . . . . . . . . . . . . . . . 1 . Striker 2 | . . . . . . . . . . . . . . . . . . . . . . . . . . 2 . . . . . . . . . . . . . . . . . . . . Executioner 1 | . . . . . . . . . . . . . . . . . . . . . . . . . . . . . . . . . . . . . . . . . . . . . 1 . Alpha 7 2 | . . . . . . . . . . . . . . . . . . . . . . . . . . . . . . . . . . . . . . . . 2 . . . . . . V-Series 2 | . . . . . . . . . . . . . . . . . . . . . . . . . . . . . . . . . . . . . . . . 2 . . . . . . Zionite 8 | . . . . . 8 . . . . . . . . . . . . . . . . . . . . . . . . . . . . . . . . . . . . . . . . . Tinkerer 1 | . . . . . . . . . . . . . . . . . . . . . . . . . . . . . . . . . . . . . . . . 1 . . . . . . Assembled 5 | . . . . . 5 . . . . . . . . . . . . . . . . . . . . . . . . . . . . . . . . . . . . . . . . . Thug 1 | . . . . . . . . . 1 . . . . . . . . . . . . . . . . . . . . . . . . . . . . . . . . . . . . . Butcher 1 | . . . . . . . . . . . . . . . . . . . . . . . . . . . . . . . . . . . . . . . . . . . . 1 . . Guerrilla 1 | . . . . . . . . . . 1 . . . . . . . . . . . . . . . . . . . . . . . . . . . . . . . . . . . . Best Kill Streak 13 | 5 4 2 6 6 6 2 5 3 5 7 4 5 . . 13 5 . 12 . 7 2 . 4 8 1 2 5 4 2 1 3 2 3 . 2 . 2 3 1 3 5 2 2 1 11 1 Combat Bots Only 12 | . 3 2 4 6 4 2 4 3 2 7 2 5 . . 8 5 . 12 . 7 1 . 4 8 1 2 2 4 2 . 1 2 3 . 2 . 2 3 1 3 5 . 2 1 11 1 Max Kills in Single Turn 5 | 1 3 1 4 1 2 1 2 2 3 2 2 2 . . 2 2 . 4 . 2 1 . 2 5 1 2 1 1 2 1 1 1 1 . 1 . 1 1 1 2 1 1 2 1 1 1 Gunslinging 1 | . . . . . . . . 1 . 1 . 1 . . . . . . . . . . . . . . . . . . . . . . . . . . . . . . . . . . Exploded 5 | . 3 1 4 . 2 . . . . . . . . . . . . 4 . 1 . . 2 5 . . . . . . . . . . . . . . . . . . . . . . Melee 1 | . . . . . . . . . . . . . . . . . . . . . 1 . . 1 . . . . . . . 1 . . . . . . 1 1 . . . . . . Uniques/NPCs Destroyed 8 | . . . . . 4 1 . . . . . . . . . . . . . . . . . . . . . . . . . . . . . . . . . . . . . . 2 1 8R-AWN (-9/Exiles) EX-HEX (-9/Exiles) EX-DEC (-9/Exiles) EX-BIN (-9/Exiles) ME-RLN (-8/Mines) MAIN.C Shell (-1/Command) MAIN.C (-1/Command) Architect (-1/Access_0) Combat | -11 -10 -10 -9 -9 -9 -8 -8 -8 -8 -8 -8 -8 -7 -7 -7 -7 -7 -7 -7 -7 -6 -6 -6 -6 -5 -5 -4 -4 -4 -4 -4 -4 -4 -3 -3 -3 -3 -2 -2 -2 -2 -1 -1 -1 -1 -1 -------- Run | Yrd Mat Min Mat Min Exi Min Mat Gar Mat Gar Mat Gar Fac Was Fac Gar Fac Gar Fac Gar Fac Was Fac Gar Fac Gar Fac Gar Ext Cet Arc Hub Gar Res Gar Res Gar Res Qua Frg Gar Acc Gar Acc Com Ac0 Hostile Shots Fired 2592 | . 49 21 74 20 66 29 38 68 38 86 9 67 . . 60 162 . 168 1 190 22 . 39 274 4 87 2 17 26 4 4 19 39 4 94 . 44 65 7 441 184 2 12 . 52 4 Missed 729 | . 9 4 23 4 9 6 13 21 10 30 2 23 . . 22 49 . 58 . 58 6 . 12 92 1 23 1 8 6 2 2 7 13 . 30 . 8 29 2 88 40 1 4 . 11 2 Intercepted 3 | . . . . . . . . . . . . . . . . . . . . . . . . . . . . . . . . . . . . . . 2 . . . . . . 1 . Deflected 19 | . . . . . . . . . . . . . . . . . . . . . . . . . . . . . . . . . . . . . . . . 4 13 . 1 . 1 . Hits 1863 | . 40 17 51 16 57 23 25 47 28 56 7 44 . . 38 113 . 110 1 132 16 . 27 182 3 64 1 9 20 2 2 12 26 4 64 . 36 36 5 353 144 1 8 . 41 2 Melee 22 | . . . . . . . . . . . . . . . . 3 . . . 1 . . . 2 . 7 . . . . . . . . . . . . . 3 6 . . . . . Projectile 1841 | . 40 17 51 16 57 23 25 47 28 56 7 44 . . 38 110 . 110 1 131 16 . 27 180 3 57 1 9 20 2 2 12 26 4 64 . 36 36 5 350 138 1 8 . 41 2 AOE 20 | . . . . . . . . . . . . 2 . . . 6 . . . . . . . 4 . . . . . . . 1 . . 1 . . 1 . 5 . . . . . . Critical Strikes 116 | . 1 . . . 27 . . 2 1 2 . 3 . . . 5 . 1 . 1 . . 1 3 . 3 . . 1 . . 2 2 . 2 . 4 3 . 39 9 . . . 4 . Actively Blocked 55 | . . . . . . . . . . . . . . . . . . . . . . . . . . . . . . . . 2 2 . 2 . 1 . . 38 9 . . . 1 . Part Disruptions 14 | . . . . . . 2 . . . . . . . . . 1 . . . . . . . . . . . . . . . . 1 . . . 1 1 . 5 . . . . 3 . Damage Taken 32734 | . 570 230 549 192 924 249 319 444 588 801 96 678 . . 381 1584 . 1325 16 1517 212 . 504 2860 124 1344 46 195 559 128 52 386 451 100 1175 . 299 713 95 8327 3215 19 199 . 1084 184 Core 3167 | . 127 52 137 32 157 22 33 24 125 143 14 86 . . 50 91 . 45 . 174 23 . 41 378 . 130 . 29 28 . . 15 62 12 83 . 55 42 . 508 293 . . . 111 45 Absorbed by Shields 2430 | . . . . . . . . 270 18 9 . 47 . . 90 280 . . . 68 . . . 300 . 72 . 55 10 . . 65 209 74 . . 15 . . 552 54 . . . 242 . Ignored by Resistances 3373 | . . . . . . . . . . . . . . . . . . . . . . . . . 11 57 . . . . . . . . . . 561 506 18 1899 119 . . . 166 36 Regen/Repaired (Parts) 6661 | . . . . . . . . . 184 75 . 53 . . 141 . . . 106 . . . 82 132 . . . . . . . . . . . . . 103 55 3490 1546 19 126 . 539 10 Core Remaining (%) 55 | 100 . 28 . . . 13 . . . . . 22 . . . . . . . 48 . . . 48 . 87 . . . . . . 88 . . . 88 . . . 34 . . . . . Volleys Fired 2913 | 20 52 24 87 14 90 14 37 108 37 56 6 101 1 2 46 194 . 139 7 86 47 7 35 84 9 76 13 86 127 31 46 70 108 18 129 . 89 166 43 239 129 19 49 31 138 3 Largest 5 | 2 2 2 4 4 4 4 5 5 5 5 5 5 1 1 5 5 . 4 4 5 5 1 5 5 3 4 3 3 3 3 3 4 5 1 5 . 4 4 3 5 3 1 3 1 3 2 Hottest 470 | 40 90 90 213 92 109 99 122 130 137 132 132 134 5 5 181 215 . 193 126 291 160 5 225 250 193 393 248 248 245 228 163 197 232 7 277 . 308 333 174 326 250 2 212 110 360 470 Shots Fired 5473 | 40 104 48 338 56 162 56 185 240 160 228 30 208 1 2 135 309 . 182 12 237 67 7 58 182 13 125 15 100 167 43 52 103 190 18 276 . 125 207 51 429 234 19 58 33 163 5 Gun 2645 | 40 47 48 319 56 152 56 185 174 155 226 30 138 . . 108 80 . 97 5 218 24 . . 18 2 28 . . . . . 5 42 . 109 . 40 56 1 95 37 . 8 . 46 . Cannon 1609 | . 55 . 18 . . . . . . . . . . . 5 119 . 56 2 8 15 . 31 134 5 62 11 40 80 43 44 48 95 . 106 . 38 58 14 252 159 . 11 15 80 5 Launcher 32 | . 2 . 1 . 10 . . . . . . . . . . . . 12 . 3 . . 2 2 . . . . . . . . . . . . . . . . . . . . . . Special 1187 | . . . . . . . . 66 5 2 . 70 1 2 22 110 . 17 5 8 28 7 25 28 6 35 4 60 87 . 8 50 53 18 61 . 47 93 36 82 38 19 39 18 37 . Kinetic 3504 | 40 68 . 305 56 152 56 185 174 155 226 30 138 . . 90 121 . 68 7 137 30 . 26 129 4 65 2 14 63 17 9 53 115 . 191 . 40 78 15 297 196 . 19 15 115 3 Thermal 898 | . 30 . . . . . . 66 . . . 70 . . 23 177 . 85 . 89 9 . 5 20 3 25 9 26 17 26 35 . 22 . 24 . 38 36 . 50 . . . . 11 2 Explosive 32 | . 2 . 1 . 10 . . . . . . . . . . . . 12 . 3 . . 2 2 . . . . . . . . . . . . . . . . . . . . . . Electromagnetic 87 | . 4 48 32 . . . . . . . . . . . . . . . . . . . . 3 . . . . . . . . . . . . . . . . . . . . . . Robot Hit Streak 61 | 5 10 12 13 9 25 5 8 28 7 11 4 42 2 3 9 21 . 22 13 24 9 6 7 6 3 12 9 20 16 7 8 8 12 15 11 . 11 12 8 61 18 18 26 9 20 2 Robot Miss Streak 11 | 2 4 4 4 3 4 4 9 6 6 4 7 3 . 1 6 8 . 9 10 8 4 2 3 7 2 4 2 2 5 1 4 5 4 . 7 . 3 5 2 11 4 . 1 1 4 2 Penetration Max 2 | . . . . . . . . 1 2 1 . 1 . . . 1 . 1 . 1 1 . . . . 1 . . . . . 1 1 . . . . 2 . 1 1 . 1 . 1 . Secondary Targets 40 | . . 1 3 2 . . 2 2 2 13 . 6 . . 2 . . 1 . 5 . . . . . . . . . . . . . . . . . . . 1 . . . . . . Max Gunslinging Chain 2 | . . 1 1 1 . . 1 1 1 2 . 1 . . 1 . . 1 . 1 . . . . . . . . . . . . . . . . . . . 1 . . . . . . Capacitor 3 | . . . . . . . . . . . . . . . . . . . . . . . . . . . . . . . . . . . . . . . . . . . . . 3 . Shots Hit Robots 2964 | 26 61 41 186 33 124 26 76 144 67 114 10 135 1 1 76 180 . 112 8 151 36 4 30 90 6 67 10 92 102 15 21 35 86 12 102 . 66 88 18 260 114 16 20 8 92 2 Core Hits 1278 | 10 26 25 79 15 42 12 31 65 42 65 8 70 . . 55 70 . 78 3 123 14 . 15 46 1 18 6 28 14 6 10 14 25 . 27 . 14 25 4 84 47 . 7 1 52 1 Critical Kills 23 | . . . . 1 2 . 1 . 1 2 . . . . . . . . . 1 1 . . 1 1 2 . . . . . . 1 . 2 . 1 2 . 2 1 . . . 1 . Critical Parts Destroyed 35 | . . . 1 . 5 2 2 1 2 2 . . . . . . . . . . . . . . . . . . . . . 1 2 . 3 . 2 . . 7 4 . . . 1 . Critical Strikes 136 | . 1 . 1 1 8 2 3 2 4 4 . . . . . 6 . 7 1 1 2 . 1 4 2 2 . 5 3 2 . 2 8 . 5 . 7 4 1 21 15 . . 1 10 . Burn 4 | . . . . . . . . . . . . . . . . . . 4 . . . . . . . . . . . . . . . . . . . . . . . . . . . . Meltdown 3 | . . . . . . . . . . . . . . . . . . . . . . . . . . 1 . . . . . . . . . . . 1 . 1 . . . . . . Destroy 60 | . . . 1 1 7 2 3 1 4 4 . . . . . . . . . 1 1 . . 1 1 1 . . . . . 1 3 . 5 . 3 3 . 8 5 . . . 4 . Blast 52 | . 1 . . . . . . . . . . . . . . 5 . 3 1 . . . 1 2 1 . . 2 3 2 . 1 1 . . . . . 1 12 9 . . 1 6 . Sever 17 | . . . . . 1 . . 1 . . . . . . . 1 . . . . 1 . . 1 . . . 3 . . . . 4 . . . 4 . . . 1 . . . . . Melee Attacks 275 | . . . 2 . 13 . . 2 5 19 . 10 . . . . . . . 1 20 . 5 19 . . . 39 1 . 5 4 21 . 9 . 21 7 5 25 17 4 7 4 10 . Impact 39 | . . . 2 . . . . 2 5 19 . 10 . . . . . . . 1 . . . . . . . . . . . . . . . . . . . . . . . . . . Slashing 226 | . . . . . 13 . . . . . . . . . . . . . . . 20 . 5 19 . . . 39 1 . 5 4 21 . 9 . 21 4 5 18 17 4 7 4 10 . Piercing . | . . . . . . . . . . . . . . . . . . . . . . . . . . . . . . . . . . . . . . . . . . . . . . . Sneak Attacks 30 | . . . . . . . . . 1 . . . . . . . . . . . 4 . . . . . . . . . 4 4 . . 2 . . 6 2 4 . 2 . . 1 . Combat Hostiles 5 | . . . . . . . . . . . . . . . . . . . . . 1 . . . . . . . . . . 2 . . 1 . . . 1 . . . . . . . Follow-up Attacks . | . . . . . . . . . . . . . . . . . . . . . . . . . . . . . . . . . . . . . . . . . . . . . . . Damage Inflicted 93355 | 323 1167 648 3131 513 2772 336 1196 2214 1909 2058 229 2170 . . 1109 4945 . 5440 64 3078 684 . 776 3264 98 1976 313 3687 2258 606 914 996 3251 . 2795 . 2659 2827 679 12632 9206 347 1374 403 7693 615 Guns 30892 | 323 403 563 2648 513 1542 336 1196 1536 1570 2058 229 1410 . . 1080 762 . 1506 34 2709 262 . . 243 23 405 . . . . . 110 535 . 1333 . 932 1227 . 2621 759 . 322 . 1702 . Cannons 42279 | . 530 . 259 . . . . . . . . . . . 29 3089 . 1201 30 104 32 . 452 1591 75 1571 313 1099 2258 606 400 530 1580 . 1202 . 529 1304 425 9198 7255 . 779 403 4820 615 Explosions 5230 | . 234 85 224 . 317 . . . 288 . . . . . . . . 2733 . 265 . . 324 760 . . . . . . . . . . . . . . . . . . . . . . Melee 12409 | . . . . . 913 . . . 51 . . . . . . . . . . . 390 . . 657 . . . 2588 . . 514 356 1136 . 260 . 1198 296 254 813 1192 347 273 . 1171 . Ramming 13 | . . . . . . . . . . . . . . . . . . . . . . . . 13 . . . . . . . . . . . . . . . . . . . . . . Kinetic 62243 | 323 557 . 2490 513 1542 336 1196 1536 1570 2058 229 1410 . . 889 2991 . 1266 64 1484 294 . 424 1511 98 1555 62 604 2258 606 148 640 2115 . 2432 . 932 1776 425 9782 8014 . 1101 403 6522 87 Thermal 12560 | . 401 85 . . . . . 678 . . . 760 . . 220 1954 . 1441 . 1329 . . 28 293 . 421 251 495 . . 252 . . . 103 . 529 755 . 2037 . . . . . 528 Explosive 5062 | . 151 . 224 . 317 . . . 288 . . . . . . . . 2733 . 265 . . 324 760 . . . . . . . . . . . . . . . . . . . . . . Electromagnetic 1068 | . 58 563 417 . . . . . . . . . . . . . . . . . . . . 30 . . . . . . . . . . . . . . . . . . . . . . Impact 51 | . . . . . . . . . 51 . . . . . . . . . . . . . . . . . . . . . . . . . . . . . . . . . . . . . Slashing 12358 | . . . . . 913 . . . . . . . . . . . . . . . 390 . . 657 . . . 2588 . . 514 356 1136 . 260 . 1198 296 254 813 1192 347 273 . 1171 . Piercing . | . . . . . . . . . . . . . . . . . . . . . . . . . . . . . . . . . . . . . . . . . . . . . . . Highest Corruption 50 | . 5 5 . . . 1 . . . 1 1 2 . 6 7 13 13 13 13 15 1 19 25 32 . . . . . . . . . . . . . . . 30 50 . 4 4 18 . Average Corruption 12 | . 4 5 . . . 1 . . . 1 1 1 . 6 6 10 13 13 13 14 1 9 20 25 . . . . . . . . . . . . . . . 17 40 . 2 4 9 . Corruption Purged 39 | . . . . . . . . . . . . . . . . . . . . . . . . . . . . . . . . . . . . . . . . . . . . . 39 . Corruption Blocked . | . . . . . . . . . . . . . . . . . . . . . . . . . . . . . . . . . . . . . . . . . . . . . . . Effects 846 | . 33 21 . . . 3 . . . 10 2 12 . 2 14 78 . 57 13 73 5 4 36 93 . . . . . . . . . . . . . . . 149 112 . 26 29 74 . Message Errors 207 | . 11 4 . . . . . . . 1 1 2 . . 1 23 . 10 2 18 2 . 11 24 . . . . . . . . . . . . . . . 40 28 . 10 1 18 . Matter Fused 200 | . 5 4 . . . 1 . . . 5 . 5 . . 1 18 . 15 4 14 1 1 9 19 . . . . . . . . . . . . . . . 35 26 . 5 7 25 . Heat Flow Errors 103 | . 3 2 . . . 1 . . . 1 . 2 . 1 3 8 . 7 1 10 1 1 3 10 . . . . . . . . . . . . . . . 20 11 . 2 5 11 . Energy Discharges 83 | . 4 2 . . . . . . . 1 . 1 . . . 11 . 9 2 8 . 1 8 6 . . . . . . . . . . . . . . . 13 7 . 3 3 4 . Parts Rejected 13 | . 1 1 . . . . . . . . . . . . 1 . . 1 . 1 . . . 4 . . . . . . . . . . . . . . . 1 3 . . . . . Parts Fused 8 | . . 1 . . . . . . . 1 . . . 1 . 1 . . . 1 . . . 1 . . . . . . . . . . . . . . . 1 1 . . . . . Data Loss (minor) 95 | . 7 5 . . . 1 . . . . 1 1 . . 3 8 . 4 1 9 1 1 1 13 . . . . . . . . . . . . . . . 11 14 . 2 6 6 . Data Loss (major) 32 | . . 1 . . . . . . . 1 . . . . 3 1 . 1 . 3 . . 1 5 . . . . . . . . . . . . . . . 8 4 . 2 1 1 . Misfires 40 | . 1 1 . . . . . . . . . . . . . 3 . 4 . 3 . . . 4 . . . . . . . . . . . . . . . 8 6 . 1 2 7 . Alerts 14 | . . . . . . . . . . . . 1 . . 1 . . . . . . . 1 1 . . . . . . . . . . . . . . . 3 2 . 1 4 . . Misdirections 7 | . . . . . . . . . . . . . . . . 1 . 1 2 . . . . . . . . . . . . . . . . . . . . 2 1 . . . . . Weapon Failures 44 | . 1 . . . . . . . . . . . . . 1 4 . 5 1 6 . . 2 6 . . . . . . . . . . . . . . . 7 9 . . . 2 . Overload Shots 3 | . . . . . . . . . . . . . . . . . . . . . . . . . . . . . . . . . . . . . . . . . . . . . 1 2 Overflow Damage 4985 | . . . . . 137 . . . 37 . . . . . . 356 . 236 . 7 106 . . 35 . 264 . 67 84 . 83 38 154 . 3 . 87 164 120 1103 579 261 153 112 799 . Projectiles 3168 | . . . . . . . . . . . . . . . . 356 . 108 . 2 . . . 3 . 264 . 6 84 . . . 58 . 3 . 49 77 48 815 424 . 153 112 606 . Explosions 192 | . . . . . 33 . . . 26 . . . . . . . . 128 . 5 . . . . . . . . . . . . . . . . . . . . . . . . . . Melee 1625 | . . . . . 104 . . . 11 . . . . . . . . . . . 106 . . 32 . . . 61 . . 83 38 96 . . . 38 87 72 288 155 261 . . 193 . Knockbacks 166 | . 8 . . . . . . . . . . . . . . 15 . 2 . 1 . . 3 9 . 8 . 1 8 . . 3 22 . 5 . . 2 2 32 21 . 1 4 18 1 Impact . | . . . . . . . . . . . . . . . . . . . . . . . . . . . . . . . . . . . . . . . . . . . . . . . Kinetic 150 | . 6 . . . . . . . . . . . . . . 13 . 2 . 1 . . 3 9 . 6 . 1 8 . . 3 16 . 5 . . 2 2 31 21 . 1 3 16 1 Secondary 16 | . 2 . . . . . . . . . . . . . . 2 . . . . . . . . . 2 . . . . . . 6 . . . . . . 1 . . . 1 2 . Self-Inflicted Damage 155 | . 27 . . . 4 . . . 110 . . . . . . . . 8 . . . . . 6 . . . . . . . . . . . . . . . . . . . . . . Shots 4 | . 1 . . . 1 . . . 1 . . . . . . . . 1 . . . . . . . . . . . . . . . . . . . . . . . . . . . . Rammed 1 | . . . . . . . . . . . . . . . . . . . . . . . . 1 . . . . . . . . . . . . . . . . . . . . . . Targets Rammed 1 | . . . . . . . . . . . . . . . . . . . . . . . . 1 . . . . . . . . . . . . . . . . . . . . . . Kicked . | . . . . . . . . . . . . . . . . . . . . . . . . . . . . . . . . . . . . . . . . . . . . . . . Crushed . | . . . . . . . . . . . . . . . . . . . . . . . . . . . . . . . . . . . . . . . . . . . . . . . Highest Temperature 453 | . 354 179 108 3 89 250 237 338 282 183 23 237 . 104 186 211 . 198 78 321 123 180 453 290 156 450 152 320 315 72 80 180 423 . 317 . 288 269 . 215 188 . 185 185 223 165 Average Temperature 78 | . 116 49 29 3 35 68 60 108 83 30 19 24 . 73 41 66 . 70 30 101 25 93 136 95 80 75 65 118 89 18 25 61 139 . 102 . 94 56 . 64 80 . 74 85 79 104 Received Heat Transfer 4966 | . 327 75 180 96 . 36 135 248 221 246 45 134 . . 121 293 . 327 9 273 39 . 129 443 9 167 9 34 63 . . 69 30 . 9 . 9 63 9 818 274 9 . . 17 . Effects 8 | . . . . . . . 1 . . . . . . . . . . . . 1 . . 2 . . . . . . . . . 3 . 1 . . . . . . . . . . . Energy Bleed 4 | . . . . . . . 1 . . . . . . . . . . . . . . . 1 . . . . . . . . . 2 . . . . . . . . . . . . . Interference 2 | . . . . . . . . . . . . . . . . . . . . 1 . . . . . . . . . . . . . . 1 . . . . . . . . . . . Matter Decay 1 | . . . . . . . . . . . . . . . . . . . . . . . . . . . . . . . . . 1 . . . . . . . . . . . . . Damage (minor) 1 | . . . . . . . . . . . . . . . . . . . . . . . 1 . . . . . . . . . . . . . . . . . . . . . . . Siege Activations . | . . . . . . . . . . . . . . . . . . . . . . . . . . . . . . . . . . . . . . . . . . . . . . . Martial Activations . | . . . . . . . . . . . . . . . . . . . . . . . . . . . . . . . . . . . . . . . . . . . . . . . Shielding Activations . | . . . . . . . . . . . . . . . . . . . . . . . . . . . . . . . . . . . . . . . . . . . . . . . Robots Disrupted . | . . . . . . . . . . . . . . . . . . . . . . . . . . . . . . . . . . . . . . . . . . . . . . . Combat Hostiles . | . . . . . . . . . . . . . . . . . . . . . . . . . . . . . . . . . . . . . . . . . . . . . . . Robots Corrupted 4 | . 1 . . . . . . . 1 . . . . . . 1 . . . . . . . . . . . . . . . . . . . . . . . . . . . . 1 . Combat Hostiles 2 | . . . . . . . . . . . . . . . . 1 . . . . . . . . . . . . . . . . . . . . . . . . . . . . 1 . Parts Fried 8 | . 1 1 2 . . . . . 1 . . . . . . 2 . . . . . . . . . . . . . . . . . . . . . . . . . . . . 1 . Impact Corruptions 3 | . . . . . . . . . 1 . . . . . . 1 . . . . . . . . . . . . . . . . . . . . . . . . . . . . 1 . Robots Melted 6 | . . . . . . . . . . . . 1 . . . . . 1 . 1 . . . . . 1 . . . . . . . . . . . 1 . 1 . . . . . . Combat Hostiles 4 | . . . . . . . . . . . . . . . . . . . . 1 . . . . . 1 . . . . . . . . . . . 1 . 1 . . . . . . Parts Melted 21 | . . . . . . . . . . 1 . 2 . . 1 . . 1 . 2 . . . 1 . 1 . 2 1 . . 1 . . . . . 5 . 3 . . . . . . Heat Transferred 21085 | . 816 150 . . . . . 2294 . . . 2553 . . 407 5068 . 3034 . 2665 . . 37 399 . 333 222 407 . . 222 . . . 74 . 370 592 . 1422 . . . . . 20 Parts Sabotaged 6 | . . . . . . . . . . . . . . . . . . . . . . . . 6 . . . . . . . . . . . . . . . . . . . . . . Parts Stolen . | . . . . . . . . . . . . . . . . . . . . . . . . . . . . . . . . . . . . . . . . . . . . . . . Parts Stripped . | . . . . . . . . . . . . . . . . . . . . . . . . . . . . . . . . . . . . . . . . . . . . . . . Power Chain Reactions 4 | . 1 3 . . . . . . . . . . . . . . . . . . . . . . . . . . . . . . . . . . . . . . . . . . . . Alert | -11 -10 -10 -9 -9 -9 -8 -8 -8 -8 -8 -8 -8 -7 -7 -7 -7 -7 -7 -7 -7 -6 -6 -6 -6 -5 -5 -4 -4 -4 -4 -4 -4 -4 -3 -3 -3 -3 -2 -2 -2 -2 -1 -1 -1 -1 -1 ------- Run | Yrd Mat Min Mat Min Exi Min Mat Gar Mat Gar Mat Gar Fac Was Fac Gar Fac Gar Fac Gar Fac Was Fac Gar Fac Gar Fac Gar Ext Cet Arc Hub Gar Res Gar Res Gar Res Qua Frg Gar Acc Gar Acc Com Ac0 Maximum Alert Level 5 | . . . 2 . . . . 2 3 5 3 4 3 1 1 4 3 5 3 4 3 1 . 3 1 3 2 3 2 . . 2 3 2 4 3 3 2 . 2 5 3 2 1 3 . Low Security (%) 34 | 100 100 100 33 100 . 100 100 16 . . . . . 1 55 8 . . . . . 82 100 22 . 4 . . 74 100 100 77 20 38 27 . . 71 100 53 . . . 87 17 . Level 1 14 | . . . 65 . . . . 29 11 . . . . 98 44 19 . . . . . 17 . 26 100 45 90 17 21 . . 17 27 18 15 . . 17 . 9 . . 42 12 . . Level 2 21 | . . . . . . . . 54 38 5 . 1 . . . 28 . 8 . 13 78 . . 49 . 39 9 40 3 . . 4 35 43 22 . 76 10 . 37 12 . 57 . 5 . Level 3 20 | . . . . . . . . . 50 14 100 52 100 . . 24 100 11 100 35 21 . . . . 10 . 41 . . . . 16 . 18 100 23 . . . 37 100 . . 76 . Level 4 7 | . . . . . . . . . . 42 . 45 . . . 18 . 65 . 51 . . . . . . . . . . . . . . 15 . . . . . 45 . . . . . Level 5 1 | . . . . . . . . . . 37 . . . . . . . 14 . . . . . . . . . . . . . . . . . . . . . . 3 . . . . . High Security . | . . . . . . . . . . . . . . . . . . . . . . . . . . . . . . . . . . . . . . . . . . . . . . . Max Security . | . . . . . . . . . . . . . . . . . . . . . . . . . . . . . . . . . . . . . . . . . . . . . . . Peak Influence 2054 | 10 159 151 401 199 . 51 181 662 944 2054 1066 1544 810 265 261 1472 780 1653 887 1504 789 205 94 738 387 714 417 1012 531 134 94 534 1014 570 1382 778 924 519 40 611 1605 962 616 293 114 . Initial 1001 | . 3 45 2 115 . . 19 112 322 587 1001 692 810 265 129 123 772 539 867 606 789 205 94 10 387 193 374 256 531 134 . . 37 570 49 777 568 519 18 . 458 962 616 293 20 . Average 449 | 2 59 47 240 84 . 15 52 425 652 1414 1032 1124 784 244 144 678 770 1340 861 1106 653 167 27 396 324 456 367 656 149 24 8 95 450 313 580 770 591 136 5 255 1112 875 398 55 21 . Influence Increases 26239 | 45 492 280 1110 230 . 116 362 560 984 1547 105 1022 8 . 429 1489 18 1174 90 1098 340 . 211 988 29 741 133 936 656 236 201 1022 1197 28 1573 11 676 786 186 1671 1247 29 464 226 1435 58 Destroy 0b10 Robot/C 10080 | . 260 180 640 180 . 60 200 380 480 860 60 580 . . 240 700 . 700 60 570 195 . 120 435 15 240 45 285 240 75 30 150 195 . 195 . 66 216 48 528 384 . 96 24 348 . Destroy 0b10 Robot/NC 811 | 45 35 15 105 5 . 15 60 20 80 10 10 20 . . 40 35 . 30 . 12 24 . 8 16 . 4 16 32 4 4 24 12 20 . 8 . 15 12 . 15 15 6 6 3 30 . Destroy Leader 1396 | . 68 40 186 30 . 20 58 30 138 30 12 50 . . 82 40 . 60 . 56 42 . 16 32 8 24 16 40 16 . . 48 24 . 24 . 8 44 12 54 30 . 24 6 28 . Allied During Kill 2887 | . . 3 . . . . . . 175 139 7 90 . . 14 55 . . 22 82 38 . . 8 . 78 20 213 260 79 51 122 111 . 131 . 89 260 56 93 130 6 126 33 396 . Trap Triggered on 0b10 6 | . . . . . . . . . . . . . . . . . . . . . . . . . . . . . . . . . . . . . . 6 . . . . . . . . Successful Hack 560 | . 52 . 25 . . . 11 28 8 7 . 14 8 . 2 14 18 . 6 23 12 . 4 11 . 11 18 28 . . . 30 22 28 10 11 4 37 18 36 10 15 9 . 30 . Select Force Hacks 113 | . 30 . 60 . . . . . . . . . . . . . . . . . . . 23 . . . . . . . . . . . . . . . . . . . . . . . Disable Machine 945 | . 30 . 30 15 . 15 . . 75 . 15 30 . . 15 15 . 15 . . 12 . 12 24 . . 12 . 36 12 36 180 12 . 12 . . 27 36 162 27 . . 18 72 . Anti-Garrison Action 5344 | . . . . . . . . 100 . 450 . 200 . . . 550 . 213 . 265 . . . 264 . 340 . 264 . . . . 677 . 1053 . 428 . . . 360 . 180 . . . Destroy Structure 3410 | . 17 12 4 . . 6 3 2 28 51 1 23 . . 6 65 . 111 2 30 17 . 28 54 6 32 6 50 76 66 60 480 100 . 140 . 66 184 16 630 282 2 23 142 531 58 Partial Spotted 24 | . . . . . . . . . . . . . . . . . . . . . . . . . . . . . 24 . . . . . . . . . . . . . . . . . Lose Combat Pursuer 663 | . . 30 60 . . . 30 . . . . 15 . . 30 15 . 45 . 60 . . . 144 . 12 . 24 . . . . 36 . . . . . . 153 9 . . . . . Influence Decreases 26181 | 40 379 391 819 433 95 66 239 71 742 397 1093 544 794 573 438 193 720 291 876 461 1257 452 331 265 491 303 480 291 1428 476 201 969 236 976 257 635 510 1676 220 1060 253 863 745 684 577 890 Entered New Map 12206 | . 2 73 5 183 95 . 31 61 340 317 1053 374 734 493 56 53 700 231 786 261 715 382 41 5 351 83 340 111 481 106 . . 16 444 17 605 190 405 16 . 153 643 155 197 12 890 Time Decay 7856 | 40 367 298 644 250 . 56 198 . 392 . 40 . 60 40 342 . 20 . 90 . 452 50 260 . 140 . 130 . 548 202 181 355 . 342 . 30 . 651 184 687 . 180 . 292 335 . Lost Part 664 | . 10 . 10 . . 10 10 10 . . . . . . 10 50 . 60 . 80 10 . 10 120 . 40 10 . . 4 . 20 20 . . . . 10 . 110 60 . . . . . Lost Ally 4430 | . . 20 10 . . . . . 10 80 . 170 . 40 30 90 . . . 120 80 20 20 140 . 180 . 180 124 164 20 594 200 40 240 . 320 610 20 263 40 40 290 45 230 . Purge Threat 1025 | . . . 150 . . . . . . . . . . . . . . . . . . . . . . . . . 275 . . . . 150 . . . . . . . . 300 150 . . Squads Dispatched 96 | . 3 . 5 . . . 2 . 6 . . . . . 3 . 1 . 2 . 6 . 4 . 1 . 2 . 2 . . 7 . 4 . . . 18 5 17 . 2 . 3 3 . Investigation 14 | . 2 . 2 . . . . . 1 . . . . . . . 1 . 1 . 2 . 1 . 1 . 1 . . . . . . 1 . . . 1 . . . . . . . . Extermination 37 | . . . . . . . . . . . . . . . 2 . . . . . 2 . 1 . . . . . . . . 3 . . . . . 7 4 11 . 1 . 3 3 . Reinforcement 29 | . 1 . 3 . . . . . 1 . . . . . 1 . . . . . 2 . 2 . . . 1 . 2 . . 4 . 3 . . . 7 1 1 . . . . . . Assault 6 | . . . . . . . . . 1 . . . . . . . . . . . . . . . . . . . . . . . . . . . . 2 . 2 . 1 . . . . Garrison 10 | . . . . . . . 2 . 3 . . . . . . . . . 1 . . . . . . . . . . . . . . . . . . 1 . 3 . . . . . . Intercept . | . . . . . . . . . . . . . . . . . . . . . . . . . . . . . . . . . . . . . . . . . . . . . . . Searches Triggered . | . . . . . . . . . . . . . . . . . . . . . . . . . . . . . . . . . . . . . . . . . . . . . . . Construction Impeded 7 | . . . . . . . . . . . . . . . 1 . . . . . 1 . 1 . . . 1 . . . . 1 . . . . . 2 . . . . . . . . Haulers Reinforced . | . . . . . . . . . . . . . . . . . . . . . . . . . . . . . . . . . . . . . . . . . . . . . . . Active Scanning Responses . | . . . . . . . . . . . . . . . . . . . . . . . . . . . . . . . . . . . . . . . . . . . . . . . Cargo Convoy Interrupts 1 | . . . . . . . . . . . . . . . . . . . . . 1 . . . . . . . . . . . . . . . . . . . . . . . . . Alert ID Control Effect 261 | . . . . . . . . . . . . . . . . . . . . . . . . . . 6 . 4 2 3 2 26 10 5 12 . 9 67 14 48 4 1 7 10 31 . Stealth | -11 -10 -10 -9 -9 -9 -8 -8 -8 -8 -8 -8 -8 -7 -7 -7 -7 -7 -7 -7 -7 -6 -6 -6 -6 -5 -5 -4 -4 -4 -4 -4 -4 -4 -3 -3 -3 -3 -2 -2 -2 -2 -1 -1 -1 -1 -1 --------- Run | Yrd Mat Min Mat Min Exi Min Mat Gar Mat Gar Mat Gar Fac Was Fac Gar Fac Gar Fac Gar Fac Was Fac Gar Fac Gar Fac Gar Ext Cet Arc Hub Gar Res Gar Res Gar Res Qua Frg Gar Acc Gar Acc Com Ac0 Distress Signals 65 | . 1 . 4 . . . 2 1 1 . . . . . 3 . . . 2 . 2 . . . . . . . 2 1 . 6 . 2 1 . . 9 1 1 . . 2 . 24 . Communications Jammed 67 | . . . . . . . . . . . . . . . . . . . . . . . . . . . . . . . . . . . . . . . . . . 1 . . 66 . Distress Signals 66 | . . . . . . . . . . . . . . . . . . . . . . . . . . . . . . . . . . . . . . . . . . . . . 66 . Times Spotted 1042 | . 26 11 56 12 13 4 20 20 30 40 4 30 . 4 22 38 . 41 8 42 21 4 19 51 1 33 6 38 28 10 6 41 23 6 26 . 16 72 12 102 42 7 9 5 38 5 Peak Tracking Total 12 | . 4 3 7 3 9 2 4 3 4 6 2 11 . 3 8 5 . 7 3 10 4 3 5 10 1 7 4 8 3 5 2 7 7 4 5 . 4 7 2 7 5 3 3 2 12 4 Tactical Retreats 33 | . . 1 3 . 2 . 2 . . . . 1 . . 1 1 . 1 . 3 . . . 6 . 1 . 1 . . . . 2 . . . . . . 7 1 . . . . . Traps | -11 -10 -10 -9 -9 -9 -8 -8 -8 -8 -8 -8 -8 -7 -7 -7 -7 -7 -7 -7 -7 -6 -6 -6 -6 -5 -5 -4 -4 -4 -4 -4 -4 -4 -3 -3 -3 -3 -2 -2 -2 -2 -1 -1 -1 -1 -1 ------- Run | Yrd Mat Min Mat Min Exi Min Mat Gar Mat Gar Mat Gar Fac Was Fac Gar Fac Gar Fac Gar Fac Was Fac Gar Fac Gar Fac Gar Ext Cet Arc Hub Gar Res Gar Res Gar Res Qua Frg Gar Acc Gar Acc Com Ac0 Traps Triggered 107 | . 4 1 1 . . . . . . 9 . 4 1 . . 7 . 5 1 7 4 . 2 . 1 12 1 6 1 . . 2 6 . 3 . 8 1 . 12 6 . 2 . . . Indirectly . | . . . . . . . . . . . . . . . . . . . . . . . . . . . . . . . . . . . . . . . . . . . . . . . Trap Hack Attempts 46 | . . . . . . . . . . . . . . . . . . . . . . . . . . . . . . . . . . . . . . 42 . 4 . . . . . . Triggered . | . . . . . . . . . . . . . . . . . . . . . . . . . . . . . . . . . . . . . . . . . . . . . . . Disarmed 8 | . . . 6 . . . . . . . . . . . . . . . . . . . . . . . . . . . . . . . . . . 1 . 1 . . . . . . Reprogrammed 4 | . . . . . . . . . . . . . . . . . . . . . . . . . . . . . . . . . . . . . . 4 . . . . . . . . Reused 1 | . . . . . . . . . . . . . . . . . . . . . . . . . . . . . . . . . . . . . . 1 . . . . . . . . Traps Extracted . | . . . . . . . . . . . . . . . . . . . . . . . . . . . . . . . . . . . . . . . . . . . . . . . Installed . | . . . . . . . . . . . . . . . . . . . . . . . . . . . . . . . . . . . . . . . . . . . . . . . Triggered 1 | . . . . . . . . . . . . . . . . . . . . . . . . . . . . . . . . . . . . . . 1 . . . . . . . . Most Traps Carried 5 | . . . . 5 5 . . . . . . . . . . . . . . . . . . . . . . . . . . . . . . . . . . . . . . . . . Machines | -11 -10 -10 -9 -9 -9 -8 -8 -8 -8 -8 -8 -8 -7 -7 -7 -7 -7 -7 -7 -7 -6 -6 -6 -6 -5 -5 -4 -4 -4 -4 -4 -4 -4 -3 -3 -3 -3 -2 -2 -2 -2 -1 -1 -1 -1 -1 ---------- Run | Yrd Mat Min Mat Min Exi Min Mat Gar Mat Gar Mat Gar Fac Was Fac Gar Fac Gar Fac Gar Fac Was Fac Gar Fac Gar Fac Gar Ext Cet Arc Hub Gar Res Gar Res Gar Res Qua Frg Gar Acc Gar Acc Com Ac0 Machines Disabled 181 | . 3 . 2 1 16 1 . 3 5 7 1 3 . . 1 5 . 4 . 4 1 . 1 6 . 5 1 3 5 1 3 15 7 . 8 . 4 3 4 26 16 . 6 2 8 . Max in Single Turn 2 | . 1 . 1 1 2 1 . 1 1 1 1 1 . . 1 1 . 1 . 1 1 . 1 1 . 1 1 1 1 1 . 1 1 . 1 . 1 1 1 1 1 . 1 2 1 . Garrison Access 4 | . . . . . . . . . . . . . . . . . . . . . . . . . . . . . . . . . . . . . . 3 1 . . . . . . . Garrison Relay 55 | . . . . . . . . 1 . 5 . 1 . . . 4 . 3 . 4 . . . 3 . 5 . 3 . . . . 4 . 6 . 4 . . . 8 . 4 . . . Phase Generator 1 | . . . . . . . . 1 . . . . . . . . . . . . . . . . . . . . . . . . . . . . . . . . . . . . . . Network Hub 2 | . . . . . . . . . . . . . . . . . . . . . . . . . . . . . . . . 2 . . . . . . . . . . . . . . Machines Repaired . | . . . . . . . . . . . . . . . . . . . . . . . . . . . . . . . . . . . . . . . . . . . . . . . Machines Dismantled 2 | . . . . . . . . 1 . . . 1 . . . . . . . . . . . . . . . . . . . . . . . . . . . . . . . . . . Machines Sabotaged . | . . . . . . . . . . . . . . . . . . . . . . . . . . . . . . . . . . . . . . . . . . . . . . . Overloaded Fab Kills . | . . . . . . . . . . . . . . . . . . . . . . . . . . . . . . . . . . . . . . . . . . . . . . . Hacking | -11 -10 -10 -9 -9 -9 -8 -8 -8 -8 -8 -8 -8 -7 -7 -7 -7 -7 -7 -7 -7 -6 -6 -6 -6 -5 -5 -4 -4 -4 -4 -4 -4 -4 -3 -3 -3 -3 -2 -2 -2 -2 -1 -1 -1 -1 -1 --------- Run | Yrd Mat Min Mat Min Exi Min Mat Gar Mat Gar Mat Gar Fac Was Fac Gar Fac Gar Fac Gar Fac Was Fac Gar Fac Gar Fac Gar Ext Cet Arc Hub Gar Res Gar Res Gar Res Qua Frg Gar Acc Gar Acc Com Ac0 Machines Accessed 134 | . 8 1 12 . 2 . 3 3 2 4 1 3 2 . 6 4 1 2 4 3 6 . 6 1 1 1 2 3 7 1 . 4 2 3 2 1 2 10 7 5 1 3 3 . 2 . Terminals 98 | . 7 . 9 . . . 2 3 . 4 . 3 2 . 2 4 . 2 2 3 4 . 4 1 . 1 . 3 7 1 . 3 2 2 2 . 2 6 6 4 1 1 3 . 2 . Fabricators 7 | . . . . . . . . . . . . . . . 2 . . . . . 2 . 1 . . . 1 . . . . . . . . . . . . . . 1 . . . . Repair Stations 5 | . . . . . . . . . 1 . . . . . 1 . . . 1 . . . . . . . . . . . . . . . . . . 2 . . . . . . . . Recycling Units 2 | . 1 . 1 . . . . . . . . . . . . . . . . . . . . . . . . . . . . . . . . . . . . . . . . . . . Scanalyzers 2 | . . . 2 . . . . . . . . . . . . . . . . . . . . . . . . . . . . . . . . . . . . . . . . . . . Garrison Access 17 | . . . . . . . 1 . 1 . 1 . . . 1 . 1 . 1 . . . 1 . 1 . 1 . . . . 1 . 1 . 1 . 2 1 1 . 1 . . . . Total Hacks 371 | . 25 1 44 . 2 . 10 3 4 9 2 7 4 . 13 5 3 3 11 5 14 . 11 2 4 1 5 5 15 1 . 17 5 11 2 2 4 33 32 19 5 12 17 . 3 . Successful 150 | . 13 1 25 . 2 . 4 3 3 1 1 1 1 . 6 2 2 . 4 2 5 . 4 1 1 1 2 3 2 . . 9 2 5 2 2 2 10 7 6 1 5 6 . 3 . Failed 220 | . 12 . 18 . . . 6 . 1 8 1 6 3 . 7 3 1 3 7 3 9 . 7 1 3 . 3 2 13 1 . 8 3 6 . . 2 23 25 13 4 7 11 . . . Catastrophic 57 | . 2 . . . . . 2 . . 1 . 1 . . 2 2 . 2 3 1 1 . 4 . 2 . 2 . 1 . . 2 1 . . . 1 7 9 7 2 1 1 . . . Database Lockouts 1 | . . . 1 . . . . . . . . . . . . . . . . . . . . . . . . . . . . . . . . . . . . . . . . . . . Manual 136 | . 20 . 21 . 1 . 4 . 3 . 1 . 3 . 5 . 2 . 5 . 3 . 5 . 3 . 3 . . 1 . 7 . 2 . 1 . 11 9 4 . 9 13 . . . Terminals 279 | . 24 . 30 . . . 7 3 . 9 . 7 4 . 3 5 . 3 6 5 9 . 5 2 . 1 . 5 15 1 . 16 5 9 2 . 4 24 31 15 5 4 17 . 3 . Fabricators 21 | . . . . . . . . . . . . . . . 5 . . . . . 5 . 3 . . . 2 . . . . . . . . . . . . . . 6 . . . . Repair Stations 7 | . . . . . . . . . 1 . . . . . 3 . . . 1 . . . . . . . . . . . . . . . . . . 2 . . . . . . . . Recycling Units 3 | . 1 . 2 . . . . . . . . . . . . . . . . . . . . . . . . . . . . . . . . . . . . . . . . . . . Scanalyzers 12 | . . . 12 . . . . . . . . . . . . . . . . . . . . . . . . . . . . . . . . . . . . . . . . . . . Garrison Access 46 | . . . . . . . 3 . 3 . 2 . . . 2 . 3 . 4 . . . 3 . 4 . 3 . . . . 1 . 2 . 2 . 7 1 4 . 2 . . . . Terminal Hacks 81 | . 3 1 7 . 2 . 3 3 . 1 . 1 1 . . 2 . . 2 2 3 . . 1 . 1 . 3 2 . . 8 2 4 2 . 2 5 6 3 1 1 6 . 3 . Record 1 | . . . . . 1 . . . . . . . . . . . . . . . . . . . . . . . . . . . . . . . . . . . . . . . . . Part Schematic 5 | . 1 . 1 . . . . . . . . . 1 . . . . . 1 . . . . . . . . . . . . 1 . . . . . . . . . . . . . . Robot Schematic 2 | . 1 . . . . . . . . . . . . . . . . . . . . . . . . . . . . . . 1 . . . . . . . . . . . . . . Prototype ID Bank 9 | . 1 . 2 . . . 1 . . . . . . . . . . . . . . . . . . . . . 1 . . 1 . . . . . . 2 . . . . . 1 . Open Door 10 | . . 1 . . . . . 1 . 1 . . . . . . . . . . . . . . . . . 1 1 . . . . . 1 . 1 1 . . . . 1 . 1 . Branch Access Points 1 | . . . . . . . . . . . . . . . . . . . . . . . . . . . . . . . . . . 1 . . . . . . . . . . . . Emergency Access Points 10 | . . . . . . . . 1 . . . . . . . 1 . . . 1 . . . . . 1 . 1 . . . 1 1 . 1 . 1 . . . 1 . . . . . Machine Index 2 | . . . . . . . . . . . . . . . . . . . . . . . . . . . . . . . . 1 . . . . . . . 1 . . . . . . Terminal Index 3 | . . . . . . . . . . . . . . . . . . . . . 1 . . . . . . . . . . 1 . . . . . . 1 . . . . . . . Fabricator Index 1 | . . . . . . . . . . . . . . . . . . . . . 1 . . . . . . . . . . . . . . . . . . . . . . . . . Garrison Index 2 | . . . . . . . . . . . . . . . . . . . . . . . . . . . . . . . . . . . . . . . . 1 . 1 . . . . Unreport Threat 5 | . . . 1 . . . 1 . . . . . . . . . . . . . . . . . . . . . . . . . . 1 . . . . . . . . 2 . . . Locate Traps 9 | . . . 1 . . . 1 . . . . . . . . . . . 1 . 1 . . . . . . . . . . . . 2 . . . 1 2 . . . . . . . Disarm Traps 1 | . . . 1 . . . . . . . . . . . . . . . . . . . . . . . . . . . . . . . . . . . . . . . . . . . Maintenance Status 2 | . . . . . . . . . . . . . . . . . . . . . . . . . . . . . . . . . . . . . . 1 1 . . . . . . . Transport Status 1 | . . . . . . . . . . . . . . . . . . . . . . . . . . . . . . . . 1 . . . . . . . . . . . . . . Hauler Manifests 3 | . . . 1 . . . . . . . . . . . . . . . . . . . . . . . . . . . . 1 . . . . . 1 . . . . . . . . Registered Components 1 | . . . . . . . . . . . . . . . . . . . . . . . . . . . . . . . . . . . . . . . . . . . . . 1 . Zone Layout 1 | . . . . . . . . . . . . . . . . . . . . . . . . . . . . . . . . . . . . . . 1 . . . . . . . . Garrison Registry 5 | . . . . . . . . 1 . . . 1 . . . 1 . . . . . . . 1 . . . . . . . . . . . . . . . . . . 1 . . . Patrol Navigation 3 | . . . . . . . . . . . . . . . . . . . . . . . . . . . . 1 . . . . 1 . . . . . . . . . 1 . . . Security Stations 2 | . . . . . . . . . . . . . . . . . . . . 1 . . . . . . . . . . . . . . . . . . . . . . 1 . . . Proto ID Catalog 2 | . . . . . 1 . . . . . . . . . . . . . . . . . . . . . . . . . . . . . . . . . . 1 . . . . . . Fabricator Hacks 4 | . . . . . . . . . . . . . . . 1 . . . . . 2 . 1 . . . . . . . . . . . . . . . . . . . . . . . Network Status 4 | . . . . . . . . . . . . . . . 1 . . . . . 2 . 1 . . . . . . . . . . . . . . . . . . . . . . . Repair Station Hacks 2 | . . . . . . . . . . . . . . . 2 . . . . . . . . . . . . . . . . . . . . . . . . . . . . . . . Scan Component 1 | . . . . . . . . . . . . . . . 1 . . . . . . . . . . . . . . . . . . . . . . . . . . . . . . . Repair 1 | . . . . . . . . . . . . . . . 1 . . . . . . . . . . . . . . . . . . . . . . . . . . . . . . . Recycling Unit Hacks . | . . . . . . . . . . . . . . . . . . . . . . . . . . . . . . . . . . . . . . . . . . . . . . . Scanalyzer 9 | . . . 9 . . . . . . . . . . . . . . . . . . . . . . . . . . . . . . . . . . . . . . . . . . . Insert Component 4 | . . . 4 . . . . . . . . . . . . . . . . . . . . . . . . . . . . . . . . . . . . . . . . . . . Analyze 5 | . . . 5 . . . . . . . . . . . . . . . . . . . . . . . . . . . . . . . . . . . . . . . . . . . Garrison Access Hacks 17 | . . . . . . . 1 . 1 . 1 . . . 1 . 1 . 1 . . . 1 . 1 . 1 . . . . 1 . 1 . 1 . 2 1 1 . 1 . . . . Unlock Access 14 | . . . . . . . 1 . 1 . 1 . . . 1 . 1 . 1 . . . 1 . 1 . 1 . . . . 1 . 1 . 1 . . . 1 . 1 . . . . Seal Access 3 | . . . . . . . . . . . . . . . . . . . . . . . . . . . . . . . . . . . . . . 2 1 . . . . . . . Unauthorized Hacks 37 | . 10 . 9 . . . . . 2 . . . . . 2 . 1 . 1 . . . 2 . . . 1 . . . . . . . . 1 . 3 . 2 . 3 . . . . Terminals 17 | . 9 . 7 . . . . . . . . . . . . . . . . . . . . . . . . . . . . . . . . . . 1 . . . . . . . . Track 2 | . . . 1 . . . . . . . . . . . . . . . . . . . . . . . . . . . . . . . . . . 1 . . . . . . . . Assimilate 1 | . . . 1 . . . . . . . . . . . . . . . . . . . . . . . . . . . . . . . . . . . . . . . . . . . Operators 2 | . 2 . . . . . . . . . . . . . . . . . . . . . . . . . . . . . . . . . . . . . . . . . . . . . Skim 12 | . 7 . 5 . . . . . . . . . . . . . . . . . . . . . . . . . . . . . . . . . . . . . . . . . . . Fabricators 5 | . . . . . . . . . . . . . . . 1 . . . . . . . 1 . . . 1 . . . . . . . . . . . . . . 2 . . . . Fabnet 1 | . . . . . . . . . . . . . . . . . . . . . . . . . . . . . . . . . . . . . . . . . . 1 . . . . Haulers 4 | . . . . . . . . . . . . . . . 1 . . . . . . . 1 . . . 1 . . . . . . . . . . . . . . 1 . . . . Repair Stations 4 | . . . . . . . . . 1 . . . . . 1 . . . 1 . . . . . . . . . . . . . . . . . . 1 . . . . . . . . Mechanics 3 | . . . . . . . . . 1 . . . . . 1 . . . . . . . . . . . . . . . . . . . . . . 1 . . . . . . . . Patch 1 | . . . . . . . . . . . . . . . . . . . 1 . . . . . . . . . . . . . . . . . . . . . . . . . . . Recycling Units 2 | . 1 . 1 . . . . . . . . . . . . . . . . . . . . . . . . . . . . . . . . . . . . . . . . . . . Tunnel 2 | . 1 . 1 . . . . . . . . . . . . . . . . . . . . . . . . . . . . . . . . . . . . . . . . . . . Scanalyzers 1 | . . . 1 . . . . . . . . . . . . . . . . . . . . . . . . . . . . . . . . . . . . . . . . . . . Extract 1 | . . . 1 . . . . . . . . . . . . . . . . . . . . . . . . . . . . . . . . . . . . . . . . . . . Garrison Access 8 | . . . . . . . . . 1 . . . . . . . 1 . . . . . 1 . . . . . . . . . . . . 1 . 1 . 2 . 1 . . . . Broadcast 1 | . . . . . . . . . . . . . . . . . . . . . . . . . . . . . . . . . . . . . . . . 1 . . . . . . Reprogram 5 | . . . . . . . . . 1 . . . . . . . 1 . . . . . . . . . . . . . . . . . . 1 . 1 . . . 1 . . . . Watchers 1 | . . . . . . . . . . . . . . . . . . . . . . . . . . . . . . . . . . . . . . . . 1 . . . . . . Eject 1 | . . . . . . . . . . . . . . . . . . . . . . . 1 . . . . . . . . . . . . . . . . . . . . . . . Data Cores Recovered 3 | . . . . . . . 1 . . . . . . . . . . . . . . . . . . . . . . . . . . . . . . . . 2 . . . . . . Used . | . . . . . . . . . . . . . . . . . . . . . . . . . . . . . . . . . . . . . . . . . . . . . . . Hacking Detections 107 | . 7 . 11 . . . 3 . 1 3 1 3 2 . 5 4 1 2 3 3 6 . 6 1 1 1 2 2 6 2 . 4 . 3 . 1 . 7 6 2 1 3 2 . 2 . Full Trace Events 9 | . . . . . . . . . . 2 . 1 . . . 1 1 . . 1 1 . . . 1 . 1 . . . . . . . . . . . . . . . . . . . Feedback Events 1 | . . . . . . . . . . . . . . . . . . . . . . . . . . . 1 . . . . . . . . . . . . . . . . . . . Hackware Fried 1 | . . . . . . . . . . . . . . . . . . . . . . . . . . . 1 . . . . . . . . . . . . . . . . . . . Feedback Blocked . | . . . . . . . . . . . . . . . . . . . . . . . . . . . . . . . . . . . . . . . . . . . . . . . Robot Schematics Acquired 2 | . 1 . . . . . . . . . . . . . . . . . . . . . . . . . . . . . . 1 . . . . . . . . . . . . . . Robots Built . | . . . . . . . . . . . . . . . . . . . . . . . . . . . . . . . . . . . . . . . . . . . . . . . Authchips . | . . . . . . . . . . . . . . . . . . . . . . . . . . . . . . . . . . . . . . . . . . . . . . . Time . | . . . . . . . . . . . . . . . . . . . . . . . . . . . . . . . . . . . . . . . . . . . . . . . Total Robot Build Rating . | . . . . . . . . . . . . . . . . . . . . . . . . . . . . . . . . . . . . . . . . . . . . . . . Part Schematics Acquired 29 | . 1 . 7 . . . . . . . . . 1 . . . . . 1 . . . . . . . . . . . . 1 . . . . . . 8 10 . . . . . . Parts Built . | . . . . . . . . . . . . . . . . . . . . . . . . . . . . . . . . . . . . . . . . . . . . . . . Authchips . | . . . . . . . . . . . . . . . . . . . . . . . . . . . . . . . . . . . . . . . . . . . . . . . Time . | . . . . . . . . . . . . . . . . . . . . . . . . . . . . . . . . . . . . . . . . . . . . . . . Total Part Build Rating . | . . . . . . . . . . . . . . . . . . . . . . . . . . . . . . . . . . . . . . . . . . . . . . . Parts Repaired 1 | . . . . . . . . . . . . . . . 1 . . . . . . . . . . . . . . . . . . . . . . . . . . . . . . . Time 80 | . . . . . . . . . . . . . . . 80 . . . . . . . . . . . . . . . . . . . . . . . . . . . . . . . Parts Recycled . | . . . . . . . . . . . . . . . . . . . . . . . . . . . . . . . . . . . . . . . . . . . . . . . Recycled Matter . | . . . . . . . . . . . . . . . . . . . . . . . . . . . . . . . . . . . . . . . . . . . . . . . Retrieved Matter . | . . . . . . . . . . . . . . . . . . . . . . . . . . . . . . . . . . . . . . . . . . . . . . . Retrieved Components . | . . . . . . . . . . . . . . . . . . . . . . . . . . . . . . . . . . . . . . . . . . . . . . . Parts Scanalyzed 3 | . . . 3 . . . . . . . . . . . . . . . . . . . . . . . . . . . . . . . . . . . . . . . . . . . Part Schematics Acquired 3 | . . . 3 . . . . . . . . . . . . . . . . . . . . . . . . . . . . . . . . . . . . . . . . . . . Parts Damaged . | . . . . . . . . . . . . . . . . . . . . . . . . . . . . . . . . . . . . . . . . . . . . . . . Bothacking | -11 -10 -10 -9 -9 -9 -8 -8 -8 -8 -8 -8 -8 -7 -7 -7 -7 -7 -7 -7 -7 -6 -6 -6 -6 -5 -5 -4 -4 -4 -4 -4 -4 -4 -3 -3 -3 -3 -2 -2 -2 -2 -1 -1 -1 -1 -1 ------------ Run | Yrd Mat Min Mat Min Exi Min Mat Gar Mat Gar Mat Gar Fac Was Fac Gar Fac Gar Fac Gar Fac Was Fac Gar Fac Gar Fac Gar Ext Cet Arc Hub Gar Res Gar Res Gar Res Qua Frg Gar Acc Gar Acc Com Ac0 Used RIF Installer 15 | . . . . . . . . 1 . 1 . 1 . . . 1 . 2 . 1 . . . 1 . 1 . 1 . . . . 1 . 1 . 1 . . . 1 . 1 . . . Coupler Efficiency 3 | . . . . . . . . . . 1 . . . . . . . 1 . . . . . . . . . . . . . . . . 1 . . . . . . . . . . . Hotswap 1 | . . . . . . . . . . . . . . . . . . . . 1 . . . . . . . . . . . . . . . . . . . . . . . . . . Code Merge 1 | . . . . . . . . . . . . . . . . . . . . . . . . . . . . . . . . . . . . . . . . . . . 1 . . . Threat Obfuscator 2 | . . . . . . . . . . . . . . . . . . 1 . . . . . . . . . . . . . . . . . . 1 . . . . . . . . . Signal Jammer 1 | . . . . . . . . . . . . . . . . . . . . . . . . . . . . . . . . . . . . . . . . . 1 . . . . . Robot Detection 1 | . . . . . . . . . . . . . . . . . . . . . . . . . . . . 1 . . . . . . . . . . . . . . . . . . Watcher Feeds 1 | . . . . . . . . . . . . . . . . 1 . . . . . . . . . . . . . . . . . . . . . . . . . . . . . . Alert ID Control 1 | . . . . . . . . . . . . . . . . . . . . . . . . . . 1 . . . . . . . . . . . . . . . . . . . . Structural Interface 1 | . . . . . . . . . . . . 1 . . . . . . . . . . . . . . . . . . . . . . . . . . . . . . . . . . Autooverride 1 | . . . . . . . . . . . . . . . . . . . . . . . . . . . . . . . . . 1 . . . . . . . . . . . . . Crosswire 1 | . . . . . . . . . . . . . . . . . . . . . . . . 1 . . . . . . . . . . . . . . . . . . . . . . Robots Hacked 489 | . . . . . . . . . 3 1 . . 1 1 9 6 . 4 4 4 19 5 16 13 2 16 3 28 22 . 4 31 24 13 22 . 24 65 23 46 16 12 19 11 22 . Non-combat 107 | . . . . . . . . . 3 1 . . 1 . 7 . . . 1 . 7 . 9 1 2 . . . 8 . 4 11 . 5 1 . . 17 5 10 1 6 . 4 3 . Combat 382 | . . . . . . . . . . . . . . 1 2 6 . 4 3 4 12 5 7 12 . 16 3 28 14 . . 20 24 8 21 . 24 48 18 36 15 6 19 7 19 . Autooverrided 17 | . . . . . . . . . . . . . . . . . . . . . . . . . . . . . . . . . 1 1 2 . 3 5 . 3 . . 1 . 1 . Robot Hacks Applied 548 | . . . . . . . . . 3 1 . . 1 1 12 6 . 7 4 4 20 5 17 16 2 17 3 32 26 . 4 33 26 14 24 . 25 68 26 63 16 14 23 13 22 . parse_system 55 | . . . . . . . . . . . . . . . . 1 . 1 1 . 1 . 1 2 . . . 2 3 . 1 5 . 4 2 . 1 2 4 17 1 1 3 . 2 . no_distress 2 | . . . . . . . . . . . . . . . . . . . . . . . . . . . . . . . . . . . . . . 2 . . . . . . . . start_evac 1 | . . . . . . . . . . . . . . . . . . . . . . . . . . . . . . . . 1 . . . . . . . . . . . . . . find_chute 3 | . . . . . . . . . . . . . 1 . . . . . . . 1 . . . 1 . . . . . . . . . . . . . . . . . . . . . ignore_repairs 6 | . . . . . . . . . . . . . . . . . . . . . . . . . . . . . 1 . . . . . . . . 3 . 2 . . . . . . map_walls 5 | . . . . . . . . . . . . . . . 1 . . . . . . . . . . . . . . . . . . . . . . 1 . 2 . 1 . . . . drop_inventory 18 | . . . . . . . . . . . . . . . 1 . . . . . 4 . 3 . . . . . 3 . . . . 2 . . . 3 1 . . 1 . . . . ignore_parts 4 | . . . . . . . . . . . . . . . . . . . . . 1 . . . . . . . . . . . . 2 . . . 1 . . . . . . . . purge_threat 3 | . . . . . . . . . . . . . . . . . . . . . . . . . . . . . 2 . . . . . . . . . . . . . . 1 . . locate_traps 1 | . . . . . . . . . . . . . . . . . . . . . . . 1 . . . . . . . . . . . . . . . . . . . . . . . block_reporting 9 | . . . . . . . . . . . . . . . 1 . . . . . . . 1 . . . . . . . . . . . . . . . 2 2 . . . 1 2 . map_route 7 | . . . . . . . . . . . . . . . . . . . . . 1 . 1 . . . . . . . . 2 . . . . . 2 . . . . . 1 . . mark_security 1 | . . . . . . . . . . . . . . . . . . . . . . . 1 . . . . . . . . . . . . . . . . . . . . . . . disable_scanner 9 | . . . . . . . . . . . . . . . . . . . . . . . . . . . . . . . . . . . . . . . 5 4 . . . . . . locate_prototypes 3 | . . . . . . . . . . . . . . . . . . . . . . . . . . . . . . . . . . . . . . . . 3 . . . . . . ignore_targets 6 | . . . . . . . . . . . . . . 1 . . . . . . . 5 . . . . . . . . . . . . . . . . . . . . . . . . find_garrison 1 | . . . . . . . . . . . . . . . 1 . . . . . . . . . . . . . . . . . . . . . . . . . . . . . . . mark_system 1 | . . . . . . . . . . . . . . . . . . . . . . . . . . . . 1 . . . . . . . . . . . . . . . . . . spike_heat 1 | . . . . . . . . . . . . . . . . . . . . . . . . . . . . . . . . . . . . . . . . . . . 1 . . . overload_power 2 | . . . . . . . . . . . . . . . . . . . . . . . . . . . . . . . . . . . 1 . . . . 1 . . . . . . amplify_resonance 110 | . . . . . . . . . 1 . . . . . 1 1 . 2 1 1 3 . 5 2 . 3 1 9 4 . . 4 8 5 7 . 7 15 7 7 5 . 7 3 1 . wipe_record 1 | . . . . . . . . . . . . . . . . . . . . . . . . . . . . . . . . . . . . . . . 1 . . . . . . . disable_weapons 1 | . . . . . . . . . . . . . . . . . . 1 . . . . . . . . . . . . . . . . . . . . . . . . . . . . reboot_system 39 | . . . . . . . . . . . . . . . 1 3 . 2 . 1 4 . 1 1 . 2 1 . 2 . . 2 2 . 3 . 1 8 1 1 . 1 . 1 1 . go_dormant 1 | . . . . . . . . . . . . . . . . . . . . . . . . . . . . . . . . . . . . . . . . 1 . . . . . . overwrite_iff 65 | . . . . . . . . . . . . . . . . . . . 1 . 2 . . 6 . 5 . 10 2 . . 3 1 . 6 . 6 4 2 11 1 . 4 . 1 . formatsys_low 40 | . . . . . . . . . 2 1 . . . . 5 . . . . . . . 2 . 1 . . . 2 . 3 5 1 1 . . . 7 . 1 1 5 . 3 . . formatsys_high 153 | . . . . . . . . . . . . . . . 1 1 . 1 1 2 3 . 1 5 . 7 1 10 7 . . 11 14 . 5 . 10 20 3 11 8 5 8 3 15 . Relay Couplers Released 240 | . . . . . . . . 5 . 19 . 4 . . . 17 . 11 . 15 2 . 4 17 . 21 . 12 . . . . 17 . 28 . 15 1 . 4 32 . 16 . . . Ejected 4 | . . . . . . . . . . . . . . . . . . . . . . . 4 . . . . . . . . . . . . . . . . . . . . . . . Machine Destruction 229 | . . . . . . . . 5 . 19 . 4 . . . 17 . 11 . 15 2 . . 14 . 21 . 12 . . . . 17 . 28 . 15 1 . . 32 . 16 . . . Programmers 7 | . . . . . . . . . . . . . . . . . . . . . . . . 3 . . . . . . . . . . . . . . . 4 . . . . . . Attached 82 | . . . . . . . . . 1 1 . . . 1 2 5 . 2 1 1 4 . . 5 1 7 1 3 3 1 1 6 1 . 4 . 5 5 1 2 11 1 3 1 2 . Crosswired 63 | . . . . . . . . . . . . . . . . . . . . . . . . 3 . 9 . 4 . . . . 11 . 7 . 5 1 . 1 12 . 10 . . . Fabnet Peak Effective % . | . . . . . . . . . . . . . . . . . . . . . . . . . . . . . . . . . . . . . . . . . . . . . . . Robots Rewired 77 | . . . . . . . . 3 . 5 . 7 . . . 3 . 3 . . . . . . . . . 4 24 . . . 4 . 13 . 1 . . . 6 . 4 . . . Allies Hacked 29 | . . . . . . . . . . . . 1 . . . . . . . 1 . . . . . . . . . . . 1 2 . 3 . 1 6 3 5 . . 1 2 3 . Hacks Repelled 1 | . . . . . . . . . . . . . . . . . . . . . . . . . . . . . . . . . . . . . . 1 . . . . . . . . Allies | -11 -10 -10 -9 -9 -9 -8 -8 -8 -8 -8 -8 -8 -7 -7 -7 -7 -7 -7 -7 -7 -6 -6 -6 -6 -5 -5 -4 -4 -4 -4 -4 -4 -4 -3 -3 -3 -3 -2 -2 -2 -2 -1 -1 -1 -1 -1 -------- Run | Yrd Mat Min Mat Min Exi Min Mat Gar Mat Gar Mat Gar Fac Was Fac Gar Fac Gar Fac Gar Fac Was Fac Gar Fac Gar Fac Gar Ext Cet Arc Hub Gar Res Gar Res Gar Res Qua Frg Gar Acc Gar Acc Com Ac0 Total Allies 377 | . . 2 1 1 . . . 3 3 6 . 9 . . 6 4 . 4 2 4 5 1 3 11 1 14 1 28 39 5 3 19 21 2 25 . 22 36 5 24 16 10 18 6 17 . Largest Group 46 | . . 2 1 1 1 . . 3 5 4 3 7 3 3 5 4 . 3 5 6 3 1 2 3 1 7 4 16 46 43 34 34 21 18 25 21 25 28 13 12 12 20 22 24 20 5 Highest-Rated Group 2317 | . . 50 10 31 31 . . 93 118 95 51 151 45 45 66 113 . 64 98 141 93 31 46 99 23 278 240 902 2127 2086 1812 1752 926 755 1213 1028 1436 1797 1024 1024 621 957 1204 1468 2317 984 Highest-Rated Ally 344 | . . 31 10 31 31 . . 31 31 39 23 39 15 15 26 30 . 32 32 32 32 31 23 47 23 95 95 95 159 159 159 142 80 58 64 64 119 183 344 344 66 69 80 219 219 219 Total Orders 438 | . . . . . . . . . 1 1 3 12 . . 2 11 . . . . . . 1 7 . 35 . 16 18 1 16 2 55 3 58 . 21 24 12 27 11 3 52 12 34 . STAY 144 | . . . . . . . . . . . . 1 . . . 6 . . . . . . . 4 . 8 . 4 4 . 9 1 19 2 19 . 7 7 2 12 2 . 15 2 20 . ROAM 8 | . . . . . . . . . . . . 1 . . . . . . . . . . . 1 . . . . 2 . . . . . 1 . . . . 2 . . . . 1 . FOLLOW 129 | . . . . . . . . . . . . 2 . . . 3 . . . . . . . 1 . 11 . 5 5 . 2 1 17 1 24 . 3 6 5 10 2 . 18 2 11 . GUARD 53 | . . . . . . . . . . . 2 6 . . 1 1 . . . . . . . . . 2 . 3 2 . . . 5 . 3 . 10 4 1 1 4 1 3 4 . . AID 46 | . . . . . . . . . 1 1 1 2 . . 1 1 . . . . . . 1 1 . . . 1 5 1 2 . . . 1 . 1 5 3 2 3 2 5 4 2 . DROP 12 | . . . . . . . . . . . . . . . . . . . . . . . . . . 3 . 1 . . 1 . 2 . 3 . . . . . . . 2 . . . PICKUP 42 | . . . . . . . . . . . . . . . . . . . . . . . . . . 11 . 2 . . 2 . 9 . 7 . . 2 1 . . . 8 . . . COLLECT 4 | . . . . . . . . . . . . . . . . . . . . . . . . . . . . . . . . . 3 . . . . . . . . . 1 . . . Ally Attacks 2203 | . . 5 . . . . . . 65 52 2 45 . 9 7 31 . . 17 28 30 17 . 38 . 48 1 79 65 79 21 124 74 15 137 . 86 377 61 230 42 15 76 49 256 22 Total Damage 88700 | . . 82 . . . . . . 1035 758 . 969 . 185 59 874 . . 312 529 821 249 . 1108 . 1635 20 2124 2517 2706 788 6791 2660 337 5608 . 3280 15339 2790 11697 1304 430 2717 2135 15523 1318 Kills 431 | . . 1 . . . . . . 17 8 . 9 . 1 . 9 . . 4 8 11 . . 2 . 13 1 17 9 8 3 37 13 5 13 . 9 76 14 48 6 1 9 12 66 1 Allies Corrupted 47 | . . . . . . . . . . . . . . . . 1 . . . . . . . . . . . . . . . 15 1 . . . 4 9 3 5 . . 3 3 3 . Allies Melted 7 | . . . . . . . . . . . . . . . . . . . . . . . . . . . . . . . . 1 . . 1 . 2 1 . 2 . . . . . . Intel | -11 -10 -10 -9 -9 -9 -8 -8 -8 -8 -8 -8 -8 -7 -7 -7 -7 -7 -7 -7 -7 -6 -6 -6 -6 -5 -5 -4 -4 -4 -4 -4 -4 -4 -3 -3 -3 -3 -2 -2 -2 -2 -1 -1 -1 -1 -1 ------- Run | Yrd Mat Min Mat Min Exi Min Mat Gar Mat Gar Mat Gar Fac Was Fac Gar Fac Gar Fac Gar Fac Was Fac Gar Fac Gar Fac Gar Ext Cet Arc Hub Gar Res Gar Res Gar Res Qua Frg Gar Acc Gar Acc Com Ac0 Active Infowar (turns) 1096 | 58 443 . . 2 . . . . . . . . . . 35 . . . . . . . . . . . . . . . . 2 . 425 129 . . 2 . . . . . . . . Optics 554 | . . . . . . . . . . . . . . . . . . . . . . . . . . . . . . . . . . 425 129 . . . . . . . . . . . Terrain 2 | . . . . 2 . . . . . . . . . . . . . . . . . . . . . . . . . . . . . . . . . . . . . . . . . . Seismic 501 | 58 443 . . . . . . . . . . . . . . . . . . . . . . . . . . . . . . . . . . . . . . . . . . . . . Machine Analysis 35 | . . . . . . . . . . . . . . . 35 . . . . . . . . . . . . . . . . . . . . . . . . . . . . . . . Jamming 2 | . . . . . . . . . . . . . . . . . . . . . . . . . . . . . . . . 2 . . . . . . . . . . . . . . ECM 2 | . . . . . . . . . . . . . . . . . . . . . . . . . . . . . . . . . . . . . . 2 . . . . . . . . Robot Analysis Total . | . . . . . . . . . . . . . . . . . . . . . . . . . . . . . . . . . . . . . . . . . . . . . . . Derelict Logs Recovered 3 | . . 1 . 2 . . . . . . . . . . . . . . . . . . . . . . . . . . . . . . . . . . . . . . . . . . Drone Launches . | . . . . . . . . . . . . . . . . . . . . . . . . . . . . . . . . . . . . . . . . . . . . . . . Drone Recoveries . | . . . . . . . . . . . . . . . . . . . . . . . . . . . . . . . . . . . . . . . . . . . . . . . Exploration | -11 -10 -10 -9 -9 -9 -8 -8 -8 -8 -8 -8 -8 -7 -7 -7 -7 -7 -7 -7 -7 -6 -6 -6 -6 -5 -5 -4 -4 -4 -4 -4 -4 -4 -3 -3 -3 -3 -2 -2 -2 -2 -1 -1 -1 -1 -1 ------------- Run | Yrd Mat Min Mat Min Exi Min Mat Gar Mat Gar Mat Gar Fac Was Fac Gar Fac Gar Fac Gar Fac Was Fac Gar Fac Gar Fac Gar Ext Cet Arc Hub Gar Res Gar Res Gar Res Qua Frg Gar Acc Gar Acc Com Ac0 Turns Passed 64503 | 218 1311 963 2544 689 2104 214 487 1023 938 1657 88 1210 124 91 761 2222 55 1406 188 1436 1132 117 774 1804 293 2015 262 1875 1740 527 1115 1185 2707 776 3382 76 2460 3321 1528 5334 1874 360 1653 1036 7406 22 Spaces Moved 36122 | 114 738 684 1360 512 1361 104 244 418 514 986 39 581 93 67 448 1155 41 800 144 864 699 86 519 930 188 1071 160 1074 847 234 542 572 1386 431 1789 27 1362 2043 1031 2313 1003 196 1011 658 4668 15 Core 16 | 2 . . . . . . . . . . . . . . . . . . . . . . . . . . . . . . . . . . . . . . . . . . . . . 14 Treads . | . . . . . . . . . . . . . . . . . . . . . . . . . . . . . . . . . . . . . . . . . . . . . . . Legs . | . . . . . . . . . . . . . . . . . . . . . . . . . . . . . . . . . . . . . . . . . . . . . . . Wheels 36106 | 112 738 684 1360 512 1361 104 244 418 514 986 39 581 93 67 448 1155 41 800 144 864 699 86 519 930 188 1071 160 1074 847 234 542 572 1386 431 1789 27 1362 2043 1031 2313 1003 196 1011 658 4668 1 Hover . | . . . . . . . . . . . . . . . . . . . . . . . . . . . . . . . . . . . . . . . . . . . . . . . Flight . | . . . . . . . . . . . . . . . . . . . . . . . . . . . . . . . . . . . . . . . . . . . . . . . Fastest Speed 50 | 50 80 110 110 120 120 115 120 120 120 120 120 120 120 105 105 113 120 105 105 105 105 125 125 125 146 146 125 127 150 150 150 145 145 150 147 147 135 126 130 130 126 130 130 130 130 50 Average Speed 133 | 89 101 110 118 120 122 116 123 126 122 121 133 122 120 112 112 124 120 119 105 120 126 125 126 144 146 146 137 135 150 156 150 146 149 150 149 147 147 133 130 132 130 134 130 130 141 56 Slowest Speed 230 | 100 140 110 125 120 165 125 125 135 135 135 180 135 120 120 120 145 120 210 120 165 150 125 140 230 146 146 146 152 150 165 165 176 176 150 150 147 165 150 130 150 144 150 130 130 190 150 Overloaded Moves . | . . . . . . . . . . . . . . . . . . . . . . . . . . . . . . . . . . . . . . . . . . . . . . . Propulsion Burnouts . | . . . . . . . . . . . . . . . . . . . . . . . . . . . . . . . . . . . . . . . . . . . . . . . Robots Hopped 4 | . . . . . . . . . . . . . . . . . . . . . . . . . . . . . . . . . . . 1 . . . . 3 . . . . . . Potential Cave-ins 18 | . . . . . . . . . . . . . . . . . . . . . . . . . . . . . 1 . . . . . 5 . . . . 12 . . . . . . Cave-ins Triggered 1 | . . . . . . . . . . . . . . . . . . . . . . . . . . . . . . . . . . . . . . . . 1 . . . . . . Teleports 2 | . . . . . . . . . . . . . . . . . . . . . . . . . . . . . . . . . . . . . . . . . . . . . 1 1 Exploration Rate (%) 56 | 5 95 97 95 98 91 18 17 54 50 89 8 48 3 64 14 97 1 88 5 95 24 73 28 76 9 95 5 95 90 70 97 87 96 18 99 1 96 64 92 42 95 8 72 17 69 2 Regions Visited 46 Branch Regions 12 Pre-discovered Areas 12 | . 3 1 5 2 1 . . . . . . . . . . . . . . . . . . . . . . . . . . . . . . . . . . . . . . . . . Known Exits Taken 15 | . . . . . . 1 1 . 1 . 1 . . . 1 . 1 . 1 . . . 1 . 1 . 1 . . . . 1 . 1 . 1 . . . 1 . 1 . . . . Unknown Exits Taken 13 | 1 1 1 1 1 1 . . . . . . . . . . . . . . . . . . . . . . . 1 1 1 . . . . . . 1 1 . . . . 1 1 . Scrap Searched 3 | . . 1 . 2 . . . . . . . . . . . . . . . . . . . . . . . . . . . . . . . . . . . . . . . . . . Spaces Dug 335 | . . . 2 . 16 . . 2 2 9 . 3 . . . . . . . 2 16 . 5 1 1 . . 12 9 24 23 14 24 . 19 . 18 10 1 81 17 1 . 5 18 . Terrain Destroyed 1336 | . 14 12 2 . 64 9 2 2 28 14 2 11 . . 4 70 . 93 1 11 20 . 30 35 3 20 3 13 32 25 30 33 55 . 69 . 26 26 6 155 226 1 15 27 116 31 Melee 43 | . . . 2 . . . . 2 2 9 . 3 . . . . . . . . 13 . 5 1 . . . . . . . . . . . . . . . 3 . 1 . 2 . . Projectile 1004 | . . . . . 10 9 2 . 6 5 2 8 . . 4 70 . 27 1 1 7 . 5 20 3 20 3 13 32 25 30 33 55 . 68 . 26 26 6 152 226 . 15 25 60 9 AOE 286 | . 14 12 . . 53 . . . 20 . . . . . . . . 66 . 10 . . 20 14 . . . . . . . . . . . . . . . . . . . . 55 22 Terrain Rammed . | . . . . . . . . . . . . . . . . . . . . . . . . . . . . . . . . . . . . . . . . . . . . . . . Walls Destroyed . | . . . . . . . . . . . . . . . . . . . . . . . . . . . . . . . . . . . . . . . . . . . . . . . Machines Disabled . | . . . . . . . . . . . . . . . . . . . . . . . . . . . . . . . . . . . . . . . . . . . . . . . Actions | -11 -10 -10 -9 -9 -9 -8 -8 -8 -8 -8 -8 -8 -7 -7 -7 -7 -7 -7 -7 -7 -6 -6 -6 -6 -5 -5 -4 -4 -4 -4 -4 -4 -4 -3 -3 -3 -3 -2 -2 -2 -2 -1 -1 -1 -1 -1 --------- Run | Yrd Mat Min Mat Min Exi Min Mat Gar Mat Gar Mat Gar Fac Was Fac Gar Fac Gar Fac Gar Fac Was Fac Gar Fac Gar Fac Gar Ext Cet Arc Hub Gar Res Gar Res Gar Res Qua Frg Gar Acc Gar Acc Com Ac0 Total 47849 | 187 1198 852 2083 553 1671 163 330 665 724 1287 61 843 104 80 633 1538 47 1092 171 1105 867 92 590 1237 202 1458 194 1418 1222 354 789 821 1849 549 2305 63 1679 2444 1159 4179 1338 265 1280 802 5285 21 Wait 5406 | 35 340 116 534 21 109 33 20 32 143 26 3 34 . 10 104 28 7 47 15 24 24 . 7 62 . 137 4 89 193 75 180 114 230 84 257 37 96 80 55 1292 56 39 172 101 341 . Move 36073 | 113 737 683 1359 511 1360 103 244 417 513 985 39 580 93 66 448 1153 40 799 144 863 699 85 518 929 188 1070 160 1073 846 233 541 572 1384 430 1786 26 1361 2042 1030 2305 1002 195 1009 657 4667 15 Hop 4 | . . . . . . . . . . . . . . . . . . . . . . . . . . . . . . . . . . . 1 . . . . 3 . . . . . . Pick Up 619 | 9 28 8 27 1 38 3 6 9 6 12 2 7 2 . 6 18 . 14 1 26 20 . 8 44 2 35 2 32 8 3 7 8 20 3 28 . 15 24 3 64 24 2 10 3 31 . Fast Attach 121 | 7 1 1 5 . . . 1 . . 2 . . 1 . 3 8 . 13 3 5 5 . . 16 1 2 5 1 . . . 3 2 . 1 . . 2 1 12 5 . 1 . 13 1 Attach 166 | . 1 1 4 . 8 1 2 1 . 3 . 1 2 . 2 7 . 11 . 12 4 . 1 19 1 10 1 4 2 2 1 2 . 2 4 . 1 5 1 25 10 2 . 1 12 . Detach 27 | . . . . . 1 . . . . . . . . . . 1 . 4 . . . . . 2 . . . 1 . . . . . . . . . 1 1 7 . . . . 9 . Swap 797 | 1 21 9 29 5 21 4 11 20 12 23 6 22 4 2 18 26 . 9 1 25 24 . 12 23 . 18 4 30 29 8 4 27 29 11 37 . 30 55 16 91 34 4 17 2 22 1 Drop 601 | 2 18 10 36 1 30 5 9 16 8 19 5 12 1 . 6 32 . 23 . 23 16 . 4 38 1 31 5 30 6 2 5 5 17 1 28 . 18 20 4 58 12 . 7 3 33 1 Fire 2913 | 20 52 24 87 14 90 14 37 108 37 56 6 101 1 2 46 194 . 139 7 86 47 7 35 84 9 76 13 86 127 31 46 70 108 18 129 . 89 166 43 239 129 19 49 31 138 3 Melee 274 | . . . 2 . 13 . . 2 5 19 . 10 . . . . . . . 1 20 . 5 19 . . . 39 1 . 5 4 21 . 9 . 21 7 5 24 17 4 7 4 10 . Ram 1 | . . . . . . . . . . . . . . . . . . . . . . . . 1 . . . . . . . . . . . . . . . . . . . . . . Kick . | . . . . . . . . . . . . . . . . . . . . . . . . . . . . . . . . . . . . . . . . . . . . . . . Crush . | . . . . . . . . . . . . . . . . . . . . . . . . . . . . . . . . . . . . . . . . . . . . . . . Escape Stasis 539 | . . . . . . . . . . 40 . 24 . . . 47 . 32 . 40 8 . . . . 79 . 32 8 . . 16 38 . 24 . 48 . . 55 40 . 8 . . . Rewire 245 | . . . . . 1 . . 51 . 102 . 44 . . . 24 . 1 . . . . . . . . . 1 2 . . . . . 1 . . . . . 9 . . . 9 . Trap 46 | . . . . . . . . . . . . . . . . . . . . . . . . . . . . . . . . . . . . . . 42 . 4 . . . . . . Miscellaneous 17 | . . . . . . . . 9 . . . 8 . . . . . . . . . . . . . . . . . . . . . . . . . . . . . . . . . . Route ------- -11/Scrapyard -10/Materials (discovered 6 exits: *Mat x3 / *Min x2 / Sub) -10/Mines (discovered 2 exits: *Mat x2) -9/Materials (discovered 5 exits: *Mat x3 / [*Min x2]) -9/Mines (discovered 3 exits: *Mat x2 / *Exi) -9/Exiles -8/Mines -8/Materials (discovered 3 exits: Fac x2 / Gar) -8/Garrison (discovered 3 exits: *Mat x3) -8/Materials (discovered 2 exits: *Fac / Gar) -8/Garrison (discovered 4 exits: *Fac x3 / *Mat) -8/Materials -8/Garrison (discovered 3 exits: *Fac x3) -7/Factory -7/Waste -7/Factory (discovered 2 exits: Sto / Gar) -7/Garrison (discovered 3 exits: *Fac x3) -7/Factory -7/Garrison (discovered 3 exits: *Fac x2 / *Fac) -7/Factory -7/Garrison (discovered 3 exits: *Fac x3) -6/Factory -6/Waste -6/Factory (discovered 2 exits: [*Low] / Gar) -6/Garrison (discovered 3 exits: *Fac x3) -5/Factory (discovered 2 exits: *Fac / Gar) -5/Garrison (discovered 3 exits: *Fac x3) -4/Factory -4/Garrison (discovered 3 exits: *Ext x3) -4/Extension (discovered 2 exits: *Res / *Cet) -4/Cetus (discovered 2 exits: *Res / [*Arc]) -4/Archives (discovered 3 exits: *Res / *Hub x2) -4/Hub_04(d) (discovered 5 exits: *Res x4 / Gar) -4/Garrison (discovered 3 exits: *Res x3) -3/Research (discovered 5 exits: *Res / Arm / Tes x2 / Gar) -3/Garrison (discovered 3 exits: *Res x3) -3/Research -3/Garrison (discovered 3 exits: *Res x3) -2/Research (discovered 3 exits: *Acc x2 / *Qua) -2/Quarantine (discovered 3 exits: *Acc / [*Sec] / *Frg) -2/Protoforge (discovered 2 exits: *Acc / Gar) -2/Garrison (discovered 3 exits: *Acc x3) -1/Access -1/Garrison (discovered 3 exits: [*Acc x3]) -1/Access -1/Command (discovered 3 exits: [Sur x2] / [*Ac0]) -1/Access_0 (discovered 1 exit: [*Sur]) History --------- Turn | Location | Event 19 | -11/Scrapyard | Discovered new exit (range 15) 219 | -11/Scrapyard | Entered Materials 292 | -10/Materials | Discovered new exit (range 16) 302 | -10/Materials | Build established: Mutant 378 | -10/Materials | Discovered new exit (range 7) 533 | -10/Materials | Discovered new exit (range 12) 791 | -10/Materials | Discovered new exit (range 15) 1080 | -10/Materials | Discovered new exit (range 16) 1228 | -10/Materials | Core integrity fell below 50% 1312 | -10/Materials | Learned location of Storage (-7) 1346 | -10/Materials | Loaded intel: 9 interactive machine locations 1370 | -10/Materials | Identified exit to Subcaves 1370 | -10/Materials | Learned location of 2 exits from Materials 1386 | -10/Materials | Learned Storage security intel 1488 | -10/Materials | Learned location of Subcaves (-10) 1530 | -10/Materials | Entered Mines 1613 | -10/Mines | Discovered new exit (range 10) 1652 | -10/Mines | Met a Derelict who couldn't figure out how to use a Trap Extractor 1886 | -10/Mines | Received a Rocket Launcher from a helpful Derelict 2049 | -10/Mines | Build established: Scavenger-Mutant 2050 | -10/Mines | Found a Scrap Suit stashed away for nefarious purposes 2077 | -10/Mines | Discovered new exit (range 6) 2196 | -10/Mines | Learned 2 Materials zone layouts 2493 | -10/Mines | Entered Materials 2493 | -9/Materials | Evolved 2 slots: Weapon x2 2494 | -9/Materials | Identified exit to Materials 2537 | -9/Materials | Discovered new exit (range 12) 2828 | -9/Materials | Build established: Scavenger-Gunner 2953 | -9/Materials | Discovered new exit (range 12) 3216 | -9/Materials | Discovered exit to Materials (range 16) 3695 | -9/Materials | Central database locked down 3719 | -9/Materials | Build established: Gunner 4116 | -9/Materials | Learned location of 1 exit from Storage 4181 | -9/Materials | Learned 2 Storage zone layouts 4315 | -9/Materials | Learned location of 1 exit from Storage 4338 | -9/Materials | Learned location of Zion (-6) 4411 | -9/Materials | Learned location of 2 exits from Materials 4464 | -9/Materials | Learned location of Recycling (-7) 5037 | -9/Materials | Entered Mines 5169 | -9/Mines | Discovered exit to Materials (range 11) 5303 | -9/Mines | Learned Materials trap positions 5313 | -9/Mines | Found a hidden stash of uninstalled traps 5344 | -9/Mines | Discovered exit to Materials (range 14) 5600 | -9/Mines | Escorted by a lone wolf Derelict 5722 | -9/Mines | Deemed a non-threat by the Exiles lab entrance 5722 | -9/Mines | Discovered new exit (range 5) 5726 | -9/Mines | Entered Exiles 5726 | -9/Exiles | Accompanied by 1 ally 5755 | -9/Exiles | Met 8R-AWN 5774 | -9/Exiles | Met EX-HEX 5828 | -9/Exiles | Met EX-DEC 5942 | -9/Exiles | Discovered new exit (range 10) 6026 | -9/Exiles | Met EX-BIN 6041 | -9/Exiles | Aligned with FarCom system 6042 | -9/Exiles | Given EX-Vault access code 6071 | -9/Exiles | Opened EX-Vault 6080 | -9/Exiles | Found Longsword +1 6106 | -9/Exiles | Warned to stay clear of 0b10 Research branches 6846 | -9/Exiles | Attacked by the Exiles 6952 | -9/Exiles | Core integrity fell below 50% 6998 | -9/Exiles | Core integrity fell below 20% 7007 | -9/Exiles | Destroyed 8R-AWN 7014 | -9/Exiles | Found Prototype Device 7028 | -9/Exiles | Found Prototype Ballistic Gun 7036 | -9/Exiles | Lost 7 parts (1p2n4w) 7079 | -9/Exiles | Identified 8R-AWN's Boregun 7353 | -9/Exiles | Destroyed EX-HEX 7388 | -9/Exiles | Destroyed EX-DEC 7454 | -9/Exiles | Destroyed EX-BIN 7519 | -9/Exiles | Identified AS-neutralizer No. 17b 7586 | -9/Exiles | Found Prototype Processor 7591 | -9/Exiles | Identified Exp. Core Analyzer 7830 | -9/Exiles | Entered Mines 7903 | -8/Mines | ME-RLN came to Exiles' defense 7908 | -8/Mines | Destroyed ME-RLN 7916 | -8/Mines | Found Prototype Special Weapon 7923 | -8/Mines | Found Prototype Device 7956 | -8/Mines | Found Prototype Hackware 8022 | -8/Mines | Discovered exit to Materials (range 6) 8044 | -8/Mines | Entered Materials 8044 | -8/Materials | Evolved 2 slots: Utility x1, Weapon x1 8045 | -8/Materials | Identified exit to Factory 8046 | -8/Materials | Loaded intel: 23 trap records 8051 | -8/Materials | Identified ME-RLN's Chromatic Screen 8063 | -8/Materials | Identified Ghost Barrier 8071 | -8/Materials | Garrison activated, responded to threat 8080 | -8/Materials | Identified ME-RLN's Wand 8161 | -8/Materials | Build established: Scavenger-Gunner 8451 | -8/Materials | Garrison activated, responded to threat 8531 | -8/Materials | Identified exit to Garrison 8531 | -8/Materials | Entered Garrison 8576 | -8/Garrison | Phase Generator disabled 8720 | -8/Garrison | Garrison Relay disabled 8725 | -8/Garrison | Triggered checkpoint 8744 | -8/Garrison | Installed Relay Interface Framework 8878 | -8/Garrison | Triggered checkpoint 8982 | -8/Garrison | Triggered checkpoint 9099 | -8/Garrison | Triggered checkpoint 9382 | -8/Garrison | Discovered new exit (range 23) 9382 | -8/Garrison | Discovered new exit (range 33) 9382 | -8/Garrison | Discovered new exit (range 62) 9554 | -8/Garrison | Entered Materials 9554 | -8/Materials | Accompanied by 3 allies 9954 | -8/Materials | First assault squad dispatched 10147 | -8/Materials | Garrison activated, responded to threat 10162 | -8/Materials | Discovered exit to Factory (range 16) 10341 | -8/Materials | Garrison activated, responded to threat 10347 | -8/Materials | Identified exit to Garrison 10488 | -8/Materials | Garrison activated, responded to threat 10492 | -8/Materials | Entered Garrison 10492 | -8/Garrison | Accompanied by 3 allies 10554 | -8/Garrison | P-60 Hacker assimilated allied Y-45 Defender 10615 | -8/Garrison | Destroyed 7 combat bots 10719 | -8/Garrison | Garrison Relay disabled 10773 | -8/Garrison | Triggered checkpoint 10778 | -8/Garrison | Triggered checkpoint 10806 | -8/Garrison | Triggered checkpoint 10851 | -8/Garrison | Triggered checkpoint 10881 | -8/Garrison | Expanded RIF knowledge: Coupler Efficiency 10890 | -8/Garrison | Garrison Relay disabled 10916 | -8/Garrison | Core integrity fell below 50% 10939 | -8/Garrison | Triggered checkpoint 11023 | -8/Garrison | Discovered exit to Factory (range 10) 11047 | -8/Garrison | Triggered checkpoint 11088 | -8/Garrison | Triggered checkpoint 11096 | -8/Garrison | Garrison Relay disabled 11491 | -8/Garrison | Discovered exit to Factory (range 15) 11728 | -8/Garrison | Garrison Relay disabled 11934 | -8/Garrison | Triggered checkpoint 12011 | -8/Garrison | Garrison Relay disabled 12081 | -8/Garrison | Discovered exit to Factory (range 13) 12090 | -8/Garrison | Triggered checkpoint 12134 | -8/Garrison | Discovered new exit (range 5) 12149 | -8/Garrison | Entered Materials 12149 | -8/Materials | Accompanied by 3 allies 12231 | -8/Materials | Identified exit to Garrison 12237 | -8/Materials | Entered Garrison 12237 | -8/Garrison | Accompanied by 3 allies 12253 | -8/Garrison | Triggered checkpoint 12322 | -8/Garrison | Triggered checkpoint 12330 | -8/Garrison | Garrison Relay disabled 12469 | -8/Garrison | Triggered checkpoint 12595 | -8/Garrison | Lost 3 allies 12810 | -8/Garrison | Rescued a captive Derelict 12812 | -8/Garrison | Rescued a captive Derelict 12972 | -8/Garrison | Lost 6 allies 13021 | -8/Garrison | Triggered checkpoint 13070 | -8/Garrison | Expanded RIF knowledge: Structural Interface 13100 | -8/Garrison | Triggered checkpoint 13114 | -8/Garrison | Discovered exit to Factory (range 11) 13291 | -8/Garrison | Triggered checkpoint 13346 | -8/Garrison | Discovered exit to Factory (range 38) 13346 | -8/Garrison | Discovered exit to Factory (range 85) 13346 | -8/Garrison | Discovered exit to Factory (range 22) 13447 | -8/Garrison | Entered Factory 13447 | -7/Factory | Accompanied by 3 allies 13447 | -7/Factory | Evolved 2 slots: Propulsion x1, Utility x1 13448 | -7/Factory | Identified exit to Storage 13571 | -7/Factory | Sucked down chute 13571 | -7/Factory | Entered Waste 13586 | -7/Waste | EMP discharged 13596 | -7/Waste | 3 allies followed down the chute 13610 | -7/Waste | Spotted C-40 Crusher 13618 | -7/Waste | Spotted C-40 Crusher 13623 | -7/Waste | Spotted C-40 Crusher 13634 | -7/Waste | Discovered new exit (range 16) 13641 | -7/Waste | Spotted C-40 Crusher 13662 | -7/Waste | Entered Factory 14116 | -7/Factory | Destroyed 8 combat bots 14217 | -7/Factory | Repaired Cold Fusion Reactor 14412 | -7/Factory | Identified exit to Garrison 14423 | -7/Factory | Entered Garrison 14423 | -7/Garrison | Accompanied by 4 allies 14445 | -7/Garrison | Triggered checkpoint 14566 | -7/Garrison | Triggered checkpoint 14584 | -7/Garrison | Garrison Relay disabled 15017 | -7/Garrison | Triggered checkpoint 15040 | -7/Garrison | Garrison Relay disabled 15237 | -7/Garrison | Triggered checkpoint 15243 | -7/Garrison | Triggered checkpoint 15252 | -7/Garrison | Triggered checkpoint 15269 | -7/Garrison | System corruption reached 10% 15392 | -7/Garrison | Triggered checkpoint 15636 | -7/Garrison | Triggered checkpoint 15782 | -7/Garrison | Garrison Relay disabled 15811 | -7/Garrison | Discovered new exit (range 10) 16032 | -7/Garrison | Build established: Bothacker-Gunner 16197 | -7/Garrison | Expanded RIF knowledge: Watcher Feeds 16223 | -7/Garrison | Discovered new exit (range 10) 16380 | -7/Garrison | Discovered new exit (range 58) 16380 | -7/Garrison | Discovered new exit (range 13) 16380 | -7/Garrison | Discovered new exit (range 35) 16529 | -7/Garrison | Garrison Relay disabled 16645 | -7/Garrison | Entered Factory 16677 | -7/Factory | Identified exit to Garrison 16700 | -7/Factory | Entered Garrison 16782 | -7/Garrison | Triggered checkpoint 16840 | -7/Garrison | Garrison Relay disabled 16889 | -7/Garrison | Triggered checkpoint 16889 | -7/Garrison | Triggered checkpoint 16955 | -7/Garrison | Destroyed 11 combat bots 17066 | -7/Garrison | Destroyed 12 combat bots 17076 | -7/Garrison | Lost 4 parts (2n1u1w) 17318 | -7/Garrison | Triggered checkpoint 17340 | -7/Garrison | Garrison Relay disabled 17518 | -7/Garrison | Discovered new exit (range 13) 17528 | -7/Garrison | Triggered checkpoint 17580 | -7/Garrison | Discovered new exit (range 3) 17632 | -7/Garrison | Triggered checkpoint 17712 | -7/Garrison | Expanded RIF knowledge: Threat Obfuscation 17728 | -7/Garrison | Triggered checkpoint 17737 | -7/Garrison | Garrison Relay disabled 17782 | -7/Garrison | Discovered new exit (range 12) 17921 | -7/Garrison | Expanded RIF knowledge: Coupler Efficiency 18046 | -7/Garrison | Build established: Botlord-Gunner 18106 | -7/Garrison | Entered Factory 18106 | -7/Factory | Accompanied by 4 allies 18256 | -7/Factory | Garrison activated, responded to threat 18279 | -7/Factory | Identified exit to Garrison 18294 | -7/Factory | Entered Garrison 18294 | -7/Garrison | Accompanied by 3 allies 18338 | -7/Garrison | Rescued a captive Derelict 18338 | -7/Garrison | Rescued a captive Derelict 18465 | -7/Garrison | Garrison Relay disabled 18475 | -7/Garrison | Triggered checkpoint 18656 | -7/Garrison | Lost 4 allies 18658 | -7/Garrison | Triggered checkpoint 18663 | -7/Garrison | Triggered checkpoint 18691 | -7/Garrison | Core integrity fell below 50% 18724 | -7/Garrison | Destroyed 7 combat bots 18727 | -7/Garrison | Lost 7 parts (1p3n3w) 18910 | -7/Garrison | Triggered checkpoint 18972 | -7/Garrison | Triggered checkpoint 19010 | -7/Garrison | Garrison Relay disabled 19121 | -7/Garrison | Discovered new exit (range 9) 19256 | -7/Garrison | Learned Factory security intel 19267 | -7/Garrison | Discovered new exit (range 10) 19353 | -7/Garrison | Triggered checkpoint 19427 | -7/Garrison | Garrison Relay disabled 19459 | -7/Garrison | Expanded RIF knowledge: Hotswap 19562 | -7/Garrison | Discovered new exit (range 8) 19604 | -7/Garrison | Triggered checkpoint 19687 | -7/Garrison | Garrison Relay disabled 19730 | -7/Garrison | Entered Factory 19730 | -6/Factory | Evolved 2 slots: Utility x2 20779 | -6/Factory | Cargo convoy interrupted 20862 | -6/Factory | Sucked down chute 20862 | -6/Factory | Entered Waste 20863 | -6/Waste | Met a frightened Derelict 20867 | -6/Waste | Spotted C-40 Crusher 20874 | -6/Waste | Spotted C-40 Crusher 20875 | -6/Waste | Spotted C-40 Crusher 20877 | -6/Waste | EMP discharged 20877 | -6/Waste | System corruption reached 10% 20880 | -6/Waste | Spotted C-40 Crusher 20885 | -6/Waste | Spotted C-40 Crusher 20912 | -6/Waste | Spotted C-40 Crusher 20959 | -6/Waste | Discovered new exit (range 12) 20977 | -6/Waste | EMP discharged 20979 | -6/Waste | Entered Factory 21348 | -6/Factory | Discovered new exit (range 9) 21724 | -6/Factory | Identified exit to Garrison 21753 | -6/Factory | Entered Garrison 21753 | -6/Garrison | Accompanied by 2 allies 21883 | -6/Garrison | Discovered new exit (range 71) 21883 | -6/Garrison | Discovered new exit (range 69) 21883 | -6/Garrison | Discovered new exit (range 53) 21920 | -6/Garrison | Triggered checkpoint 21936 | -6/Garrison | Garrison Relay disabled 22211 | -6/Garrison | Triggered checkpoint 22222 | -6/Garrison | Spotted B-75 Beast 22239 | -6/Garrison | Destroyed 8 combat bots 22314 | -6/Garrison | Lost 3 parts (1p1n1u) 22363 | -6/Garrison | Destroyed B-75 Beast 22393 | -6/Garrison | Lost 4 parts (1n3w) 22579 | -6/Garrison | Triggered checkpoint 22622 | -6/Garrison | Core integrity fell below 50% 22643 | -6/Garrison | Lost 3 parts (1n2u) 22912 | -6/Garrison | Triggered checkpoint 22920 | -6/Garrison | Build established: Bothacker-Gunner 22932 | -6/Garrison | Garrison Relay disabled 23045 | -6/Garrison | Triggered checkpoint 23076 | -6/Garrison | Expanded RIF knowledge: Crosswire 23105 | -6/Garrison | Triggered checkpoint 23146 | -6/Garrison | Garrison Relay disabled 23215 | -6/Garrison | System corruption reached 30% 23215 | -6/Garrison | Spotted B-75 Beast 23222 | -6/Garrison | Build established: Botlord-Gunner 23240 | -6/Garrison | Destroyed B-75 Beast 23288 | -6/Garrison | Found Relay Coupler [Proto] 23292 | -6/Garrison | Found Relay Coupler [Proto] 23295 | -6/Garrison | Found Relay Coupler [Proto] 23299 | -6/Garrison | Found Relay Coupler [Proto] 23557 | -6/Garrison | Entered Factory 23557 | -5/Factory | Evolved 2 slots: Utility x2 23792 | -5/Factory | Discovered new exit (range 5) 23850 | -5/Factory | Identified exit to Garrison 23850 | -5/Factory | Entered Garrison 23850 | -5/Garrison | Accompanied by 1 ally 23915 | -5/Garrison | Triggered checkpoint 23950 | -5/Garrison | Garrison Relay disabled 24201 | -5/Garrison | Garrison Relay disabled 24280 | -5/Garrison | Triggered checkpoint 24302 | -5/Garrison | Triggered checkpoint 24376 | -5/Garrison | Triggered checkpoint 24400 | -5/Garrison | Discovered new exit (range 12) 24411 | -5/Garrison | Expanded RIF knowledge: Alert ID Control 24648 | -5/Garrison | Triggered checkpoint 24675 | -5/Garrison | Garrison Relay disabled 24913 | -5/Garrison | Garrison Relay disabled 24919 | -5/Garrison | Triggered checkpoint 25121 | -5/Garrison | Discovered new exit (range 15) 25239 | -5/Garrison | Lost 3 parts (2u1w) 25414 | -5/Garrison | Triggered checkpoint 25439 | -5/Garrison | Spotted Striker 25439 | -5/Garrison | Spotted Striker 25453 | -5/Garrison | Garrison Relay disabled 25483 | -5/Garrison | Destroyed Striker 25483 | -5/Garrison | Destroyed Striker 25498 | -5/Garrison | Lost 4 allies 25819 | -5/Garrison | Found embedded Infiltrators 25836 | -5/Garrison | Discovered new exit (range 12) 25865 | -5/Garrison | Entered Factory 25865 | -4/Factory | Accompanied by 3 allies 25865 | -4/Factory | Evolved 2 slots: Propulsion x1, Utility x1 26127 | -4/Factory | Identified exit to Garrison 26127 | -4/Factory | Imp. System Shield fried by hacking feedback 26127 | -4/Factory | Entered Garrison 26127 | -4/Garrison | Accompanied by 4 allies 26205 | -4/Garrison | Triggered checkpoint 26221 | -4/Garrison | Rescued a captive Derelict 26223 | -4/Garrison | Rescued a captive Derelict 26251 | -4/Garrison | Expanded RIF knowledge: Robot Detection 26304 | -4/Garrison | Garrison Relay disabled 26377 | -4/Garrison | Triggered checkpoint 26407 | -4/Garrison | Triggered checkpoint 26417 | -4/Garrison | Triggered checkpoint 26430 | -4/Garrison | Spotted B-86 Titan 26437 | -4/Garrison | Destroyed B-86 Titan 26446 | -4/Garrison | P-70 Sage assimilated allied Sentinel 7b 26469 | -4/Garrison | Lost 5 allies 26509 | -4/Garrison | Triggered checkpoint 26569 | -4/Garrison | Triggered checkpoint 26863 | -4/Garrison | Discovered new exit (range 13) 27102 | -4/Garrison | Discovered new exit (range 10) 27158 | -4/Garrison | Lost 3 allies 27219 | -4/Garrison | Triggered checkpoint 27328 | -4/Garrison | Garrison Relay disabled 27583 | -4/Garrison | Triggered checkpoint 27619 | -4/Garrison | Garrison Relay disabled 27666 | -4/Garrison | Discovered new exit (range 14) 27916 | -4/Garrison | Found embedded Infiltrators 28002 | -4/Garrison | Entered Extension 28002 | -4/Extension | Accompanied by 16 allies 28127 | -4/Extension | Rescued a captive Derelict 28213 | -4/Extension | Rescued a captive Derelict 28536 | -4/Extension | Build established: Commander-Gunner 28837 | -4/Extension | Spotted B-86 Titan 28851 | -4/Extension | Allies destroyed B-86 Titan 28862 | -4/Extension | Spotted B-86 Titan 28866 | -4/Extension | Destroyed B-86 Titan 28902 | -4/Extension | Lost 5 allies 29285 | -4/Extension | Rescued A7 29386 | -4/Extension | Rescued a captive Derelict 29495 | -4/Extension | Discovered new exit (range 10) 29497 | -4/Extension | Discovered new exit (range 6) 29742 | -4/Extension | Entered Cetus 29742 | -4/Cetus | Accompanied by 43 allies (A7) 29742 | -4/Cetus | 2 allies did not survive the journey 29747 | -4/Cetus | Acquired a Cetus Manufacturing Module code from A7 29758 | -4/Cetus | Spotted Cetus Guard 29758 | -4/Cetus | Spotted Cetus Guard 29758 | -4/Cetus | Spotted Cetus Guard 29760 | -4/Cetus | Spotted Cetus Guard 29763 | -4/Cetus | Allies destroyed Cetus Guard 29770 | -4/Cetus | Allies destroyed Cetus Guard 29773 | -4/Cetus | Allies destroyed Cetus Guard 29779 | -4/Cetus | Allies destroyed Cetus Guard 29801 | -4/Cetus | Lost 8 allies 29862 | -4/Cetus | Started Cetus Manufacturing Module 29876 | -4/Cetus | Escorted A7 to Cetus Mainframe 29887 | -4/Cetus | Manufactured an Enhanced Grunt 29912 | -4/Cetus | Manufactured an Enhanced Grunt 29937 | -4/Cetus | Manufactured an Enhanced Grunt 29947 | -4/Cetus | Discovered new exit (range 15) 29962 | -4/Cetus | Manufactured an Enhanced Grunt 29972 | -4/Cetus | Discovered new exit (range 27) 29987 | -4/Cetus | Manufactured an Enhanced Grunt 29989 | -4/Cetus | Spotted Cetus Guard 29996 | -4/Cetus | Allies destroyed Cetus Guard 29997 | -4/Cetus | Spotted Cetus Guard 29999 | -4/Cetus | Spotted Cetus Guard 30007 | -4/Cetus | Allies destroyed Cetus Guard 30013 | -4/Cetus | Allies destroyed Cetus Guard 30015 | -4/Cetus | Allies destroyed Cetus Guard 30031 | -4/Cetus | Met Revision 17 30038 | -4/Cetus | Lost 3 allies 30269 | -4/Cetus | Entered Archives 30269 | -4/Archives | Accompanied by 34 allies (A7) 30274 | -4/Archives | Received a hacking code to weaken MAIN.C 30316 | -4/Archives | Discovered new exit (range 16) 30336 | -4/Archives | Discovered new exit (range 15) 30374 | -4/Archives | Discovered new exit (range 13) 31384 | -4/Archives | Entered Hub_04(d) 31384 | -4/Hub_04(d) | Accompanied by 34 allies 31440 | -4/Hub_04(d) | Discovered new exit (range 26) 31440 | -4/Hub_04(d) | Discovered new exit (range 33) 31478 | -4/Hub_04(d) | Network Hub disabled 31478 | -4/Hub_04(d) | Network Hub disabled 31484 | -4/Hub_04(d) | Discovered new exit (range 56) 31511 | -4/Hub_04(d) | Lost 9 allies 31565 | -4/Hub_04(d) | Spotted Lightning 31567 | -4/Hub_04(d) | Spotted Lightning 31568 | -4/Hub_04(d) | Spotted Lightning 31746 | -4/Hub_04(d) | Spotted B-86 Titan 31768 | -4/Hub_04(d) | Allies destroyed Lightning 31772 | -4/Hub_04(d) | Allies destroyed Lightning 31773 | -4/Hub_04(d) | Build established: Botlord-Gunner 31810 | -4/Hub_04(d) | Allies destroyed Lightning 31814 | -4/Hub_04(d) | Found Exp. EM Shield 31817 | -4/Hub_04(d) | Assimilated Titan 7a with formatsys_high 31883 | -4/Hub_04(d) | Lost 14 allies 32212 | -4/Hub_04(d) | Lost 3 allies 32232 | -4/Hub_04(d) | Build established: Botlord-Tank 32312 | -4/Hub_04(d) | Discovered new exit (range 5) 32562 | -4/Hub_04(d) | Identified exit to Garrison 32569 | -4/Hub_04(d) | Entered Garrison 32569 | -4/Garrison | Accompanied by 9 allies 32590 | -4/Garrison | Triggered checkpoint 32611 | -4/Garrison | Garrison Relay disabled 32642 | -4/Garrison | Spotted Executioner 32642 | -4/Garrison | Spotted Executioner 32654 | -4/Garrison | Allies destroyed Executioner 32666 | -4/Garrison | Allies destroyed Executioner 32683 | -4/Garrison | Found Exp. Core Analyzer 33093 | -4/Garrison | P-70 Sage assimilated allied Processor 7a 33094 | -4/Garrison | P-70 Sage assimilated allied Sentinel 7p 33096 | -4/Garrison | P-70 Sage assimilated allied Assassin 7i 33129 | -4/Garrison | Triggered checkpoint 33133 | -4/Garrison | Triggered checkpoint 33262 | -4/Garrison | Triggered checkpoint 33401 | -4/Garrison | Triggered checkpoint 33581 | -4/Garrison | Triggered checkpoint 33606 | -4/Garrison | Garrison Relay disabled 33647 | -4/Garrison | Discovered new exit (range 10) 33669 | -4/Garrison | Triggered checkpoint 33724 | -4/Garrison | Expanded RIF knowledge: Autooverride 33838 | -4/Garrison | Triggered checkpoint 33862 | -4/Garrison | Garrison Relay disabled 34040 | -4/Garrison | Discovered new exit (range 12) 34199 | -4/Garrison | Triggered checkpoint 34256 | -4/Garrison | Garrison Relay disabled 34286 | -4/Garrison | Triggered checkpoint 34364 | -4/Garrison | Found embedded Infiltrators 34465 | -4/Garrison | Discovered new exit (range 14) 34644 | -4/Garrison | Lost 8 allies 35276 | -4/Garrison | Entered Research 35276 | -3/Research | Accompanied by 18 allies 35276 | -3/Research | Evolved 2 slots: Utility x2 35476 | -3/Research | Revision forces began assault on 0b10 35538 | -3/Research | Met up with Revision 17++ 35565 | -3/Research | Discovered new exit (range 12) 35676 | -3/Research | Identified exit to Armory 35676 | -3/Research | Identified exit to Testing 35938 | -3/Research | Identified exit to Garrison 35976 | -3/Research | Research terminal network offline 36052 | -3/Research | Entered Garrison 36052 | -3/Garrison | Accompanied by 12 allies 36112 | -3/Garrison | Triggered checkpoint 36179 | -3/Garrison | Garrison Relay disabled 36299 | -3/Garrison | Triggered checkpoint 36323 | -3/Garrison | Triggered checkpoint 36373 | -3/Garrison | Lost 4 allies 36593 | -3/Garrison | Triggered checkpoint 36755 | -3/Garrison | Triggered checkpoint 36805 | -3/Garrison | Lost 3 allies 36854 | -3/Garrison | Discovered new exit (range 10) 36958 | -3/Garrison | Triggered checkpoint 37045 | -3/Garrison | Garrison Relay disabled 37154 | -3/Garrison | Discovered new exit (range 11) 37214 | -3/Garrison | Expanded RIF knowledge: Coupler Efficiency 37271 | -3/Garrison | Triggered checkpoint 37337 | -3/Garrison | Triggered checkpoint 37400 | -3/Garrison | Garrison Relay disabled 37502 | -3/Garrison | Garrison Relay disabled 37620 | -3/Garrison | Triggered checkpoint 37651 | -3/Garrison | Garrison Relay disabled 37702 | -3/Garrison | Discovered new exit (range 10) 37724 | -3/Garrison | Garrison Relay disabled 38260 | -3/Garrison | Spotted B-86 Titan 38261 | -3/Garrison | P-80 Master assimilated allied Warden 8h 38296 | -3/Garrison | Allies destroyed B-86 Titan 38313 | -3/Garrison | Found Relay Coupler [Proto] 38316 | -3/Garrison | Found Relay Coupler [Proto] 38320 | -3/Garrison | Found Relay Coupler [Proto] 38324 | -3/Garrison | Found Relay Coupler [Proto] 38490 | -3/Garrison | Spotted B-86 Titan 38505 | -3/Garrison | Allies destroyed B-86 Titan 39434 | -3/Garrison | Entered Research 39434 | -3/Research | Accompanied by 21 allies 39454 | -3/Research | Identified exit to Garrison 39510 | -3/Research | Entered Garrison 39510 | -3/Garrison | Accompanied by 21 allies 39597 | -3/Garrison | Triggered checkpoint 39651 | -3/Garrison | Lost 5 allies 39679 | -3/Garrison | Garrison Relay disabled 39844 | -3/Garrison | Rescued a captive Derelict 39966 | -3/Garrison | Triggered checkpoint 39976 | -3/Garrison | Triggered checkpoint 40045 | -3/Garrison | Triggered checkpoint 40054 | -3/Garrison | Spotted B-86 Titan 40064 | -3/Garrison | Triggered checkpoint 40084 | -3/Garrison | Allies destroyed B-86 Titan 40117 | -3/Garrison | Lost 4 allies 40391 | -3/Garrison | Triggered checkpoint 40443 | -3/Garrison | Expanded RIF knowledge: Threat Obfuscation 40474 | -3/Garrison | Found Unknown Launcher 40474 | -3/Garrison | Identified Fusion Bomb Launcher 40479 | -3/Garrison | Found Gamma Bomb Array 40551 | -3/Garrison | Garrison Relay disabled 40585 | -3/Garrison | Discovered new exit (range 11) 40706 | -3/Garrison | Spotted Executioner 40709 | -3/Garrison | Assimilated Executioner with formatsys_high 40717 | -3/Garrison | Rewired Executioner 40746 | -3/Garrison | Discovered new exit (range 4) 40802 | -3/Garrison | Triggered checkpoint 40851 | -3/Garrison | P-80 Master assimilated allied Veteran 7g 40992 | -3/Garrison | Garrison Relay disabled 41153 | -3/Garrison | Found embedded Infiltrators 41166 | -3/Garrison | Triggered checkpoint 41307 | -3/Garrison | Triggered checkpoint 41336 | -3/Garrison | Discovered new exit (range 14) 41681 | -3/Garrison | Build established: Botlord-Gunner 41895 | -3/Garrison | Garrison Relay disabled 41970 | -3/Garrison | Entered Research 41970 | -2/Research | Accompanied by 25 allies 41970 | -2/Research | Evolved 2 slots: Utility x2 42274 | -2/Research | Build established: Botlord-Tank 42489 | -2/Research | Discovered new exit (range 7) 42505 | -2/Research | Identified exit to Access 42820 | -2/Research | Lost 5 allies 42973 | -2/Research | Lost 5 allies 43528 | -2/Research | Discovered exit to Access (range 12) 43739 | -2/Research | Spotted B-90 Cyclops 43745 | -2/Research | Destroyed B-90 Cyclops 44164 | -2/Research | Found Exp. EM Shield 44315 | -2/Research | P-80 Master assimilated allied 42-8ZY(x) 44324 | -2/Research | P-80 Master assimilated allied LM-F1D(x) 44494 | -2/Research | Spotted B-90 Cyclops 44518 | -2/Research | Allies destroyed B-90 Cyclops 44950 | -2/Research | Spotted B-90 Cyclops 45255 | -2/Research | Discovered new exit (range 7) 45291 | -2/Research | Entered Quarantine 45291 | -2/Quarantine | Accompanied by 12 allies 45329 | -2/Quarantine | Assimilated Alpha 7 with formatsys_high 45362 | -2/Quarantine | Found Alien Energy Cannon 45547 | -2/Quarantine | Found Alien Slashing Weapon 45547 | -2/Quarantine | Identified Sigix Broadsword 45919 | -2/Quarantine | Discovered exit to Access (range 16) 46223 | -2/Quarantine | Found Alien Artifact 46654 | -2/Quarantine | Assimilated Fortress with formatsys_high 46778 | -2/Quarantine | Discovered new exit (range 6) 46778 | -2/Quarantine | Discovered new exit (range 6) 46819 | -2/Quarantine | Entered Protoforge 46819 | -2/Protoforge | Accompanied by 12 allies 46820 | -2/Protoforge | Superfortress began startup sequence 46863 | -2/Protoforge | Spotted Hotshot 46865 | -2/Protoforge | Spotted Hotshot 46867 | -2/Protoforge | Spotted Hotshot 46933 | -2/Protoforge | Spotted Hotshot 46939 | -2/Protoforge | Spotted Hotshot 46939 | -2/Protoforge | Spotted Hotshot 46948 | -2/Protoforge | Spotted Hotshot 46960 | -2/Protoforge | Spotted Hotshot 46961 | -2/Protoforge | Allies destroyed Hotshot 46966 | -2/Protoforge | Assimilated Hotshot with formatsys_high 46976 | -2/Protoforge | Allies destroyed Hotshot 46986 | -2/Protoforge | Destroyed Hotshot 47013 | -2/Protoforge | Lost 7 allies 47013 | -2/Protoforge | Destroyed Hotshot 47041 | -2/Protoforge | Destroyed Hotshot 47137 | -2/Protoforge | Discovered exit to Access (range 9) 47278 | -2/Protoforge | Assimilated Overlord with formatsys_high 47941 | -2/Protoforge | Identified Core Cannon 47943 | -2/Protoforge | Additional patrols dispatched to research labs 47975 | -2/Protoforge | Crushed by falling debris 48006 | -2/Protoforge | Lost 3 parts (1p2u) 48029 | -2/Protoforge | Found Prototype Device 48036 | -2/Protoforge | Identified Crosscalibrator 48052 | -2/Protoforge | Spotted Decapitator 48052 | -2/Protoforge | Spotted Decapitator 48162 | -2/Protoforge | Spotted Immortal 48162 | -2/Protoforge | Spotted Immortal 48165 | -2/Protoforge | Spotted Decapitator 48165 | -2/Protoforge | Spotted Decapitator 48165 | -2/Protoforge | Spotted Decapitator 48165 | -2/Protoforge | Spotted Decapitator 48171 | -2/Protoforge | Allies destroyed Decapitator 48172 | -2/Protoforge | Assimilated Immortal with formatsys_high 48178 | -2/Protoforge | Allies destroyed Immortal 48220 | -2/Protoforge | Found Cep. RG22 Armor 48222 | -2/Protoforge | Found Cep. RG22 Armor 48225 | -2/Protoforge | Found Cep. RG22 Armor 48230 | -2/Protoforge | Found Exp. EM Disruption Field 48241 | -2/Protoforge | Found Cep. RG22 Armor 48255 | -2/Protoforge | Found Cep. Energy Mantle 48391 | -2/Protoforge | Assimilated Immortal with formatsys_high 48424 | -2/Protoforge | Identified exit to Garrison 48547 | -2/Protoforge | Garrison activated, responded to threat 48583 | -2/Protoforge | Found Exp. Kinecellerator 48594 | -2/Protoforge | Found Cep. Countertargeting System 48604 | -2/Protoforge | Found Cep. Hypertargeting System 48617 | -2/Protoforge | Spotted V985-y 48617 | -2/Protoforge | Spotted V807-o 48617 | -2/Protoforge | Spotted V258-r 48617 | -2/Protoforge | Spotted V218-j 48735 | -2/Protoforge | Spotted Decapitator 48743 | -2/Protoforge | Spotted V459-t 48746 | -2/Protoforge | Spotted V537-g 48767 | -2/Protoforge | Destroyed V537-g 48839 | -2/Protoforge | Found Cep. Network Penetrator 49047 | -2/Protoforge | Build established: Botlord-Gunner 49138 | -2/Protoforge | Spotted V971-i 49138 | -2/Protoforge | Spotted V554-i 49206 | -2/Protoforge | Spotted Decapitator 49206 | -2/Protoforge | Spotted Decapitator 49206 | -2/Protoforge | Spotted Decapitator 49206 | -2/Protoforge | Spotted Decapitator 49224 | -2/Protoforge | Allies destroyed Decapitator 49279 | -2/Protoforge | Destroyed Decapitator 49312 | -2/Protoforge | System corruption reached 10% 49324 | -2/Protoforge | Found Cep. Zero-point Core 49345 | -2/Protoforge | Found Cep. Zero-point Core 49355 | -2/Protoforge | Found Multirail 49360 | -2/Protoforge | Found Cep. Antimissile System 49474 | -2/Protoforge | Spotted V458-n 49474 | -2/Protoforge | Spotted V829-n 49481 | -2/Protoforge | Spotted Immortal 49482 | -2/Protoforge | Spotted Immortal 49494 | -2/Protoforge | Assimilated Immortal with formatsys_high 49495 | -2/Protoforge | Assimilated Immortal with formatsys_high 49516 | -2/Protoforge | Found Cep. Chromion Battery 49519 | -2/Protoforge | Found Cep. NT7 Matterbank 49535 | -2/Protoforge | Allies destroyed V458-n 49549 | -2/Protoforge | Destroyed V829-n 49554 | -2/Protoforge | Found Prototype Device 49554 | -2/Protoforge | Identified Exp. Actuator Array 49793 | -2/Protoforge | Found Cep. Deflector Sword 49800 | -2/Protoforge | Found Cep. Heavy Railcannon 49826 | -2/Protoforge | Found Cep. Plasma Driver 49833 | -2/Protoforge | Found Faulty Cep. XC Strikerail 49836 | -2/Protoforge | Found Cep. XC Strikerail 49909 | -2/Protoforge | Found Cep. Helical Railcannon 49958 | -2/Protoforge | Found Faulty Cep. Plasma Driver 49961 | -2/Protoforge | Found Faulty Cep. XC Strikerail 49978 | -2/Protoforge | Found Faulty Cep. XC Strikerail 50319 | -2/Protoforge | First assault squad dispatched 50323 | -2/Protoforge | Spotted AP7-3 50323 | -2/Protoforge | Spotted AP7-3 50372 | -2/Protoforge | Destroyed AP7-3 50415 | -2/Protoforge | Destroyed AP7-3 50419 | -2/Protoforge | Found Cep. XC Strikerail 50423 | -2/Protoforge | Found Exp. Targeting Computer 50445 | -2/Protoforge | Found Cep. Thermoelectric Network 50457 | -2/Protoforge | Found Faulty Cep. Thermoelectric Network 50460 | -2/Protoforge | Found Faulty Cep. Thermoelectric Network 50467 | -2/Protoforge | Found Cld. Directed Potential Cannon 50613 | -2/Protoforge | Lost 3 parts (1u2w) 50624 | -2/Protoforge | Found Cld. Directed Potential Cannon 50627 | -2/Protoforge | Found Prototype Impact Weapon 50682 | -2/Protoforge | Found Exp. Jetlance 50705 | -2/Protoforge | Identified Cep. Blasthammer 50720 | -2/Protoforge | Found Faulty Cep. Helical Railcannon 50734 | -2/Protoforge | Found Faulty Cep. Helical Railcannon 50740 | -2/Protoforge | Found Faulty Cep. Heavy Railcannon 50833 | -2/Protoforge | Found Transdimensional Reconstructor 50849 | -2/Protoforge | Found Alien Artifact 51121 | -2/Protoforge | System corruption reached 30% 51946 | -2/Protoforge | Found Faulty Cep. Heavy Railcannon 52092 | -2/Protoforge | Spotted Decapitator 52096 | -2/Protoforge | Destroyed Decapitator 52153 | -2/Protoforge | Entered Garrison 52178 | -2/Garrison | Expanded RIF knowledge: Signal Jamming 52219 | -2/Garrison | Triggered checkpoint 52248 | -2/Garrison | Triggered checkpoint 52259 | -2/Garrison | Build established: Hauler-Gunner 52411 | -2/Garrison | Triggered checkpoint 52413 | -2/Garrison | Core integrity fell below 50% 52477 | -2/Garrison | Spotted B-90 Cyclops 52515 | -2/Garrison | Allies destroyed B-90 Cyclops 52533 | -2/Garrison | Triggered checkpoint 52537 | -2/Garrison | Triggered checkpoint 52600 | -2/Garrison | Build established: Botlord-Gunner 52623 | -2/Garrison | Triggered checkpoint 52688 | -2/Garrison | Discovered exit to Access (range 3) 52794 | -2/Garrison | Garrison Relay disabled 52973 | -2/Garrison | Triggered checkpoint 53018 | -2/Garrison | Triggered checkpoint 53032 | -2/Garrison | Garrison Relay disabled 53168 | -2/Garrison | Found Relay Coupler [Proto] 53170 | -2/Garrison | Identified Cep. Nanofilaments [Tensile] 53170 | -2/Garrison | Installed Cep. Nanofilaments [Tensile], 3 resistances modified: KI +20%, TH -10%, I +20% 53172 | -2/Garrison | Found Relay Coupler [Proto] 53177 | -2/Garrison | Found Relay Coupler [Proto] 53181 | -2/Garrison | Found Relay Coupler [Proto] 53216 | -2/Garrison | Discovered exit to Access (range 11) 53372 | -2/Garrison | Triggered checkpoint 53432 | -2/Garrison | Garrison Relay disabled 53557 | -2/Garrison | Garrison Relay disabled 53564 | -2/Garrison | Garrison Relay disabled 53584 | -2/Garrison | Garrison Relay disabled 53630 | -2/Garrison | Garrison Relay disabled 53795 | -2/Garrison | Discovered exit to Access (range 5) 53803 | -2/Garrison | Triggered checkpoint 54027 | -2/Garrison | Entered Access 54027 | -1/Access | Accompanied by 12 allies 54027 | -1/Access | Evolved 2 slots: Power x1, Utility x1 54123 | -1/Access | Found Com. Tesla Bomb Launcher 54277 | -1/Access | First assault squad dispatched 54324 | -1/Access | Identified exit to Garrison 54387 | -1/Access | Entered Garrison 54387 | -1/Garrison | Accompanied by 20 allies 54403 | -1/Garrison | Found embedded Infiltrators 54444 | -1/Garrison | Discovered new exit (range 56) 54444 | -1/Garrison | Discovered new exit (range 61) 54444 | -1/Garrison | Discovered new exit (range 44) 54472 | -1/Garrison | Expanded RIF knowledge: Code Merge 54597 | -1/Garrison | Triggered checkpoint 54619 | -1/Garrison | Garrison Relay disabled 54632 | -1/Garrison | Learned Access security intel 54873 | -1/Garrison | Spotted B-99 Colossus 54876 | -1/Garrison | Triggered checkpoint 54879 | -1/Garrison | Triggered checkpoint 54904 | -1/Garrison | Allies destroyed B-99 Colossus 54929 | -1/Garrison | Lost 12 allies 54999 | -1/Garrison | Triggered checkpoint 55048 | -1/Garrison | Triggered checkpoint 55058 | -1/Garrison | Garrison Relay disabled 55332 | -1/Garrison | Triggered checkpoint 55376 | -1/Garrison | Garrison Relay disabled 55592 | -1/Garrison | Found Prototype Ballistic Gun 55592 | -1/Garrison | Identified Multirail 55711 | -1/Garrison | Triggered checkpoint 55736 | -1/Garrison | Garrison Relay disabled 56040 | -1/Garrison | Entered Access 56040 | -1/Access | Accompanied by 22 allies 56223 | -1/Access | Assimilated Colossus 10a with formatsys_high 56668 | -1/Access | Allied Derelicts emerged from ambush trap array 56787 | -1/Access | Assimilated Colossus 10b with formatsys_high 56794 | -1/Access | Assimilated Colossus 10c with formatsys_high 56897 | -1/Access | Discovered new exit (range 4) 57076 | -1/Access | Entered Command 57076 | -1/Command | Accompanied by 16 allies 57396 | -1/Command | P-80 Master assimilated allied Enforcer 10e 57400 | -1/Command | P-80 Master assimilated allied 4O-5GI(h) 57402 | -1/Command | P-80 Master assimilated allied Warden 9j 57628 | -1/Command | Assimilated Alpha 7 with formatsys_high 57638 | -1/Command | Assimilated Alpha 7 with formatsys_high 57642 | -1/Command | Assimilated Executioner with formatsys_high 57647 | -1/Command | Assimilated Striker with formatsys_high 57649 | -1/Command | Assimilated Striker with formatsys_high 57657 | -1/Command | Assimilated Executioner with formatsys_high 57659 | -1/Command | Assimilated Executioner with formatsys_high 57661 | -1/Command | Assimilated Colossus 10d with formatsys_high 57663 | -1/Command | Assimilated Colossus 10e with formatsys_high 57682 | -1/Command | Lost 3 allies 57975 | -1/Command | System corruption reached 10% 57982 | -1/Command | Spotted Combat Programmer 57982 | -1/Command | Spotted Combat Programmer 57985 | -1/Command | Spotted M Guard 57991 | -1/Command | Destroyed Combat Programmer 57995 | -1/Command | Destroyed Executioner 57998 | -1/Command | Allies destroyed Combat Programmer 57999 | -1/Command | Assimilated M Guard with formatsys_high 58001 | -1/Command | Assimilated M Guard with formatsys_high 58026 | -1/Command | Lost 5 allies 58213 | -1/Command | Met MAIN.C 58214 | -1/Command | 0b10 Conduit disabled 58229 | -1/Command | Allies destroyed MAIN.C Shell 58231 | -1/Command | MAIN.C activated Command garrisons 58271 | -1/Command | Identified Subatomic Replicator 58271 | -1/Command | Discovered new exit (range 32) 58271 | -1/Command | Discovered new exit (range 111) 58271 | -1/Command | Extracted map data and part IDs from MAIN.C's data core 58498 | -1/Command | Destroyed 11 combat bots 58730 | -1/Command | Destroyed B-99 Colossus 59050 | -1/Command | Found Exp. System Purifier 59113 | -1/Command | Found Imp. Potential Cannon 59300 | -1/Command | Build established: Botlord-Mutant 59500 | -1/Command | Found Exp. Core Analyzer 59604 | -1/Command | Found Vortex Chain Reactor 59606 | -1/Command | Found Zero-point Reactor 59611 | -1/Command | Found Centrium Heavy Armor Plating 59886 | -1/Command | Build established: Commander-Mutant 60420 | -1/Command | Found Corrupted AEGIS Remote Shield 60792 | -1/Command | Used Subatomic Replicator to create Supercharged TR 61014 | -1/Command | Found Quantum Capacitor 61103 | -1/Command | Build established: Commander-Gunner 61578 | -1/Command | Found Adv. Particle Accelerator 61581 | -1/Command | Found Exp. Force Field 62421 | -1/Command | Found Multirail 64472 | -1/Command | Warped through subspace to slip node 64472 | -1/Command | Discovered new exit (range 4) 64482 | -1/Command | Entered Access_0 64482 | -1/Access_0 | Accompanied by 7 allies 64484 | -1/Access_0 | Met Architect 64492 | -1/Access_0 | Destroyed Architect 64493 | -1/Access_0 | Architect triggered a singularity event 64495 | -1/Access_0 | Released all parts (19) 64499 | -1/Access_0 | Found Hpw. Transdimensional Reconstructor 64499 | -1/Access_0 | Warped through subspace to slip node 64499 | -1/Access_0 | Discovered new exit (range 8) 64504 | -1/Access_0 | Crushed by singularity! Last Messages --------------- 64495_ Released Exp. Core Analyzer. 64496_ A0_COM: 8. 64496_ Extracted 102 matter. 64496_ Colossus 10e shuts down. 64496_ Extracted 2 energy. 64497_ A0_COM: 7. 64497_ Destroyed Adv. Heat Sink. 64498_ A0_COM: 6. 64498_ Enhanced Grunt system terminally corrupted. 64499_ A0_COM: 5. 64499_ Enhanced Grunt knocked back. 64499_ Slug penetrates Enhanced Grunt. 64499_ Slug penetrates Wall. 64499_ Acquired Hpw. Transdimensional Reconstructor. 64499_ Warped through subspace, drawn to slip node. 64499_ EXIT=FOUND 64500_ A0_COM: 4. 64501_ A0_COM: 3. 64502_ A0_COM: 2. 64503_ A0_COM: 1. Map ----- +----------------------------------------------------+ | | | | | | | | | | | | | | | | | | | | | | | | | | | | | | | ?????????????????????????????????????????????????? | | ?????????????????????????????????????????????????? | | ?????????????????????????????????????????????????? | | ?????????????????????????????????????????????????? | | ?????????????????????????????????????????????????? | | ?????????????????????????????????????????????????? | | ????????????????????????###??????????????????????? | | ???????????????????????## ##?????????????????????? | | ???????????????????????# #?????????????????????? | | ???????????????????????# < #?????????????????????? | | ??????????????????????## @ #?????????????????????? | | ??????????????????????# #?????????????????????? | | ??????????????????????# ##?????????????????????? | | ??????????????????????## #?????????????????????? | | ??????????????????????# #?????????????????????? | | ??????????????????????# ##?????????????????????? | | ??????????????????????# < #?????????????????????? | | ??????????????????????# ##?????????????????????? | | ??????????????????????## #??????????????????????? | | ???????????????????????####??????????????????????? | | ?????????????????????????????????????????????????? | | ?????????????????????????????????????????????????? | | ?????????????????????????????????????????????????? | | ?????????????????????????????????????????????????? | | ?????????????????????????????????????????????????? | | ?????????????????????????????????????????????????? | | ?????????????????????????????????????????????????? | | ?????????????????????????????????????????????????? | | ?????????????????????????????????????????????????? | | ?????????????????????????????????????????????????? | | ?????????????????????????????????????????????????? | | ?????????????????????????????????????????????????? | | ?????????????????????????????????????????????????? | | ?????????????????????????????????????????????????? | | ?????????????????????????????????????????????????? | +----------------------------------------------------+ Best States ------------- Heat Dissipation 125 Coolant Potential 80 Energy Generation 55 Energy Capacity 2500 Matter Stores 300 Matter Capacity 300 Sight Range 20 Terrain Scan Density 10 Corruption Containment 12 Armor Coverage 900 Resistance: KI 20 Resistance: TH 20 Resistance: EX 20 Resistance: EM 75 Resistance: I 20 Resistance: S 20 Resistance: P 20 Point Defense Rating 480 Projectile Deflection 15 Weapon Cycling 25 Phase Shifting 15 Evasion (%) 55 Targeting Accuracy 12 Core Analysis 11 Recoil Reduction 6 Matter Filtering 30 Energy Filtering 45 Particle Charging 50 Kinecelleration 66 Salvage Targeting 6 Offensive Hacking 50 Defensive Hacking 20 Relay Coupler Types 11 Relay Coupler Value 276 Item Schematics ----------------- Assault Rifle | -10/Materials | Hacked Arm. Wheel | -9/Materials | Hacked Com. Wheel | -9/Materials | Scanalyzed Imp. Trap Extractor | -9/Materials | Scanalyzed Autogun | -9/Materials | Scanalyzed Huge Storage Unit | -9/Materials | Extracted Maul | -9/Materials | Extracted Heat Sink | -9/Materials | Extracted Arm. Huge Wheel | -7/Factory | Hacked Hyp. Coil Gun | -7/Factory | Hacked Enh. Hardcell Cannon | -4/Hub_04(d) | Hacked Hds. Centrium Leg | -2/Quarantine | Archive Exp. Thermal Generator | -2/Quarantine | Archive Gui. Micro-nuke Launcher | -2/Quarantine | Archive Helical Railgun | -2/Quarantine | Archive Adv. EM Shield | -2/Quarantine | Archive Gravity Neutralizer | -2/Quarantine | Archive Adv. Kinecellerator | -2/Quarantine | Archive Cld. Phase Gun | -2/Quarantine | Archive Enh. Armored Heavy Treads | -2/Protoforge | Archive Exp. Shield Generator | -2/Protoforge | Archive Cld. Gravmag System | -2/Protoforge | Archive Lgt. Antimatter Cannon | -2/Protoforge | Archive Exp. Field Recycling Unit | -2/Protoforge | Archive Imp. KE Penetrator | -2/Protoforge | Archive Exp. Biometal Heavy Treads | -2/Protoforge | Archive Vibroblade | -2/Protoforge | Archive Diametric Drive | -2/Protoforge | Archive Exp. Focal Shield | -2/Protoforge | Archive Robot Schematics ------------------ M-13 Machinist | -10/Materials | Hacked P-70 Sage | -4/Hub_04(d) | Hacked Fabricated ------------ Nothing Repaired ---------- Cold Fusion Reactor | 22% | -7/Factory Alien Tech Used ----------------- Sigix Broadsword Core Cannon Concept Nanofilaments [Tensile] Subatomic Replicator Supercharged TR High-powered Transdimensional Reconstructor Achievements -------------- None Challenges ------------ None Game ------ Seed OvertunedDisruptorLeg Manual? 0 Play Time 15:43:49 Cumulative 1148.5 hours Start 2025.07.26 @ 23:32:49 End 2025.07.31 @ 21:18:01 Sessions 13 Manual Loads 0 Difficulty Rogue Special Mode None Game No. 563 Rogue 563 Adventurer 0 Explorer 0 Win Type - Total 23 Types 10/4/3/0/1/1/2/2/0/0 Lore% 90 Gallery% 90 Achievement% 83 Wizard Run 0 Options --------- Layout 0 ASCII 0 Keyboard 0 Movement Numpad Keybinds 0 Fullscreen 2 Font 24/Smallcaps Map View 76x50 Zoom Use 0% Tactical HUD 1 Map Filters NONE Filters SHIFT_HUE(315) Steam 1 RUN: 8727cf78-3801-482c-b2a0-45ecf59a3c61